 Dungeon Crawl Stone Soup version 0.28-a0-1114-g8eb0198dcf (webtiles) character file.

Game seed: 17368716525292565962

752779 KyoPewz the Conqueror (level 27, -28/199 HPs)
             Began as a Formicid Fighter on Dec 10, 2021.
             Was the Champion of Qazlal.
             Killed from afar by Lom Lobon (39 damage)
             ... with a great icy blast
             ... in Pandemonium on Dec 11, 2021.
             The game lasted 08:24:26 (70768 turns).

KyoPewz the Conqueror (Formicid Fighter)           Turns: 70768, Time: 08:24:27

Health: -28/199    AC: 44    Str: 36 (37) XL:     27
Magic:  32/40      EV: 16    Int: 12 (13) God:    Qazlal [******]
Gold:   6053       SH: 30    Dex: 19      Spells: 26/26 levels left

rFire   + . .      SeeInvis +   a - +9 triple sword "Reizoec" {vorpal, rPois Will+ Int+3, longrare=g}
rCold   + + +      Faith    .   U - +0 tower shield
rNeg    + . .      Spirit   .   K - +15 Maxwell's patent armour {-Cast -Tele rElec Will+ rCorr}
rPois   +          Reflect  .   (helmet unavailable)
rElec   +          Harm     .   R - +2 cloak {rPois}
rCorr   +          Rampage  .   k - +2 pair of gloves
Will    ++++.      NoCast   +   Z - +1 pair of boots "Miobeg" {Str+5 Dex+3 Stlth-}
Stlth   ..........              N - amulet "Ymizag" {Regen+ Int+5}
HPRegen 1.23/turn               I - ring of Mownaj {rC+ rN+ SInv}
MPRegen 0.27/turn               Q - ring "Vujiugg" {rF+ rC+ EV+4 Dex+4}

@: protected from cold, flying (expiring), studying 3 skills, invisible, repel
missiles, unable to read
A: permanent stasis, dig shafts and tunnels, antennae 3, four strong arms, agile
1, cold resistance 1, deterioration 1, dopey 2, frail 2, passive freeze,
screaming 1, electricity resistance, weak 1, inability to read while threatened
}: 8/15 runes: decaying, serpentine, slimy, silver, abyssal, demonic, glowing,
fiery
a: Dig, Renounce Religion, Upheaval, Elemental Force, Disaster Area


You were in Pandemonium.
You worshipped Qazlal.
Qazlal was exalted by your worship.
You visited 11 branches of the dungeon, and saw 50 of its levels.
You visited Pandemonium 1 time, and saw 8 of its levels.
You visited the Abyss 1 time.
You also visited: Trove and Ice Cave.

You collected 10234 gold pieces.
You spent 4181 gold pieces at shops.


Innate Abilities, Weirdness & Mutations

You cannot be hasted, slowed, berserked, paralysed or teleported.
You can dig through walls and to a lower floor.
You have a pair of large antennae on your head. (SInv)
Your four strong arms can wield two-handed weapons with a shield.
You are agile. (Dex +2)
Your flesh is cold resistant. (rC+)
Your body sometimes deteriorates upon taking damage.
You are very dopey. (Int -4)
You are very frail. (-20% HP)
A frigid envelope surrounds you and freezes all who hurt you.
You occasionally shout uncontrollably at your foes.
You are resistant to electric shocks. (rElec)
You are weak. (Str -2)
You sometimes lose the ability to read scrolls when taking damage.


   Skills:
 O Level 27 Fighting
 - Level 24.0 Long Blades
 - Level 10.4 Throwing
 - Level 20.0 Armour
 - Level 5.0 Dodging
 + Level 19.9 Shields
 O Level 27 Invocations
 - Level 20.0 Evocations


You had 26 spell levels left.
You didn't know any spells.
Your spell library contained the following spells:

 Spells                   Type           Power      Damage    Failure   Level
 Animate Skeleton         Necr           0%         N/A       71%         1
 Apportation              Tloc           0%         N/A       71%         1
 Foxfire                  Conj/Fire      0%         2x1d4     71%         1
 Pain                     Necr           0%         1d4       71%         1
 Sandblast                Erth           0%         2d4       71%         1
 Shock                    Conj/Air       0%         1d3       71%         1
 Slow                     Hex            0%         N/A       71%         1
 Summon Small Mammal      Summ           0%         N/A       71%         1
 Corpse Rot               Necr/Air       0%         N/A       85%         2
 Ensorcelled Hibernation  Hex/Ice        0%         N/A       85%         2
 Passwall                 Tmut/Erth      0%         N/A       85%         2
 Static Discharge         Conj/Air       0%         N/A       85%         2
 Sublimation of Blood     Necr           0%         N/A       85%         2
 Wereblood                Tmut           0%         N/A       85%         2
 Call Canine Familiar     Summ           0%         N/A       97%         3
 Confusing Touch          Hex            0%         N/A       97%         3
 Conjure Flame            Conj/Fire      0%         6-21      97%         3
 Dazzling Flash           Conj/Hex       0%         N/A       97%         3
 Gell's Gravitas          Tloc           0%         N/A       97%         3
 Ignite Poison            Fire/Tmut/Pois 0%         N/A       97%         3
 Inner Flame              Hex/Fire       0%         N/A       97%         3
 Lesser Beckoning         Tloc           0%         N/A       97%         3
 Mephitic Cloud           Conj/Pois/Air  0%         N/A       97%         3
 Ozocubu's Armour         Ice            0%         N/A       97%         3
 Portal Projectile        Hex/Tloc       0%         N/A       97%         3
 Spider Form              Tmut/Pois      0%         N/A       97%         3
 Stone Arrow              Conj/Erth      0%         3d7       97%         3
 Summon Guardian Golem    Hex/Summ       0%         N/A       97%         3
 Teleport Other           Tloc           0%         N/A       97%         3
 Tukima's Dance           Hex            0%         N/A       97%         3
 Vampiric Draining        Necr           0%         2d6       97%         3
 Airstrike                Air            0%         N/A       100%        4
 Animate Armour           Summ/Erth      0%         N/A       100%        4
 Animate Dead             Necr           0%         N/A       100%        4
 Cause Fear               Hex            0%         N/A       100%        4
 Dispel Undead            Necr           0%         3d6       100%        4
 Flame Wave               Conj/Fire      0%         2d4       100%        4
 Fulminant Prism          Conj/Hex       0%         3d6       100%        4
 Ice Form                 Ice/Tmut       0%         N/A       100%        4
 Iskenderun's Mystic Bla  Conj/Tloc      0%         2d3       100%        4
 Leda's Liquefaction      Hex/Erth       0%         N/A       100%        4
 Olgreb's Toxic Radiance  Pois           0%         N/A       100%        4
 Passage of Golubria      Tloc           0%         N/A       100%        4
 Petrify                  Tmut/Erth      0%         N/A       100%        4
 Sticky Flame             Conj/Fire      0%         2d3       100%        4
 Summon Ice Beast         Ice/Summ       0%         N/A       100%        4
 Summon Lightning Spire   Summ/Air       0%         N/A       100%        4
 Agony                    Necr           0%         N/A       100%        5
 Alistair's Intoxication  Tmut/Pois      0%         N/A       100%        5
 Blade Hands              Tmut           0%         N/A       100%        5
 Borgnjor's Vile Clutch   Necr/Erth      0%         N/A       100%        5
 Excruciating Wounds      Necr           0%         N/A       100%        5
 Freezing Cloud           Conj/Ice/Air   0%         6-21      100%        5
 Irradiate                Conj/Tmut      0%         3d13      100%        5
 Iskenderun's Battlesphe  Conj           0%         2d6       100%        5
 Lee's Rapid Deconstruct  Erth           0%         3d5*      100%        5
 Lightning Bolt           Conj/Air       0%         1d11      100%        5
 Metabolic Englaciation   Hex/Ice        0%         N/A       100%        5
 Silence                  Hex/Air        0%         N/A       100%        5
 Summon Forest            Summ/Tloc      0%         N/A       100%        5
 Summon Mana Viper        Hex/Summ       0%         N/A       100%        5
 Yara's Violent Unravell  Hex/Tmut       0%         3d3       100%        5
 Conjure Ball Lightning   Conj/Air       0%         3x3d6     100%        6
 Dispersal                Tloc           0%         N/A       100%        6
 Eringya's Noxious Bog    Tmut/Pois      0%         N/A       100%        6
 Iron Shot                Conj/Erth      0%         9d1       100%        6
 Simulacrum               Ice/Necr       0%         N/A       100%        6
 Starburst                Conj/Fire      0%         6d3       100%        6
 Statue Form              Tmut/Erth      0%         N/A       100%        6
 Summon Cactus Giant      Summ           0%         N/A       100%        6
 Dragon Form              Tmut           0%         N/A       100%        7
 Haunt                    Necr/Summ      0%         N/A       100%        7
 Monstrous Menagerie      Summ           0%         N/A       100%        7
 Ozocubu's Refrigeration  Ice            0%         4d5       100%        7
 Spellforged Servitor     Conj/Summ      0%         N/A       100%        7
 Storm Form               Tmut/Air       0%         N/A       100%        7
 Summon Hydra             Summ           0%         N/A       100%        7
 Borgnjor's Revivificati  Necr           0%         N/A       100%        8
 Discord                  Hex            0%         N/A       100%        8
 Disjunction              Tloc           0%         N/A       100%        8
 Ignition                 Fire           0%         3d3       100%        8
 Lehudib's Crystal Spear  Conj/Erth      0%         10d2      100%        8
 Maxwell's Capacitive Co  Air            0%         ∞         100%        8
 Necromutation            Tmut/Necr      0%         N/A       100%        8
 Death's Door             Necr           0%         N/A       100%        9
 Swiftness                Air            Unusable   N/A       N/A         3

Inventory:

Hand Weapons
 a - the +9 triple sword "Reizoec" (weapon) {vorpal, rPois Will+ Int+3, longrare=g}
   (You acquired it on level 3 of the Depths)

   It inflicts extra damage upon your enemies.
   Int:       It affects your intelligence (+3).
   rPois:     It protects you from poison.
   Will:      It increases your willpower.
 b - the +5 long sword "Jellybane" {vorpal, rF+ rN++ Str+5, long}
   (You took it off a deep elf annihilator on level 3 of the Elven Halls)

   It inflicts extra damage upon your enemies.
   Str:       It affects your strength (+5).
   rF:        It protects you from fire.
   rN:        It greatly protects you from negative energy.
 O - the +6 sword of Cerebov {flame}
   (You took it off Cerebov in Pandemonium)

   It burns those it strikes, dealing additional fire damage.
   Big, fiery blades are also staple armaments of hydra-hunters.
   It temporarily reduces the fire resistance of those it strikes.
Missiles
 g - 35 javelins (quivered) {throwing}
 h - 27 atropa-tipped darts {throwing}
 i - 116 poisoned darts {throwing}
 p - 10 silver javelins {throwing}
 G - 3 throwing nets {=f!fthrowing}
Armour
 k - a +2 pair of gloves (worn)
   (You found it on level 1 of the Swamp)
 C - a +2 pair of boots of rampaging
   (You found it in Pandemonium)
 K - the +15 Maxwell's patent armour (worn) {-Cast -Tele rElec Will+ rCorr}
   (You found it on level 4 of the Lair of Beasts)

   rElec:     It insulates you from electricity.
   -Cast:     It prevents spellcasting.
   -Tele:     It prevents most forms of teleportation.
   rCorr:     It protects you from acid and corrosion.
   Will:      It increases your willpower.
 R - a +2 cloak of poison resistance (worn)
   (You found it on level 14 of the Dungeon)
 U - a +0 tower shield (worn)
   (You bought it in a shop on level 2 of the Orcish Mines)
 Z - the +1 pair of boots "Miobeg" (worn) {Str+5 Dex+3 Stlth-}
   (You found it on level 2 of the Vaults)

   Str:       It affects your strength (+5).
   Dex:       It affects your dexterity (+3).
   Stlth:     It makes you less stealthy.
Jewellery
 I - the ring of Mownaj (left hand) {rC+ rN+ SInv}
   (You bought it in a shop on level 3 of the Elven Halls)

   [ring of protection from cold]

   rC:        It protects you from cold.
   rN:        It protects you from negative energy.
   SInv:      It lets you see invisible.
 N - the amulet "Ymizag" (around neck) {Regen+ Int+5}
   (You found it in a treasure trove)

   [amulet of regeneration]

   Int:       It affects your intelligence (+5).
   Regen:     It increases your rate of health regeneration.
 Q - the ring "Vujiugg" (right hand) {rF+ rC+ EV+4 Dex+4}
   (You found it on level 5 of the Pits of Slime)

   [ring of evasion]

   EV:        It affects your evasion (+4).
   Dex:       It affects your dexterity (+4).
   rF:        It protects you from fire.
   rC:        It protects you from cold.
Wands
 w - a wand of iceblast (49)
   (You found it on level 7 of the Dungeon)
 x - a wand of paralysis (17)
   (You found it on level 8 of the Dungeon)
 E - a wand of mindburst (16)
   (You took it off Ijyb on level 5 of the Dungeon)
 F - a wand of flame (39)
   (You found it on level 5 of the Lair of Beasts)
 H - a wand of acid (21)
   (You found it on level 3 of the Lair of Beasts)
 P - a wand of polymorph (23)
   (You found it on level 6 of the Lair of Beasts)
 T - a wand of charming (11)
   (You found it on level 10 of the Dungeon)
Scrolls
 c - 3 scrolls of magic mapping {!r}
 j - 5 scrolls of fear
 l - 5 scrolls of identify {@r1}
 o - 6 scrolls of fog
 u - a scroll of silence {!r}
 v - 2 scrolls of enchant armour
 z - a scroll of holy word
 J - 6 scrolls of vulnerability {!r!r}
 M - 4 scrolls of immolation {!r!r}
Potions
 d - 6 potions of invisibility
 e - 14 potions of curing {@q1}
 f - 9 potions of might
 m - 7 potions of attraction {!q}
 q - 5 potions of lignification {!q}
 s - 3 potions of ambrosia
 t - 3 potions of cancellation
 S - 5 potions of flight
 V - 4 potions of resistance
 W - 7 potions of magic
Miscellaneous
 n - a condenser vane
   (You found it on level 11 of the Dungeon)
 r - the horn of Geryon (inert)
   (You took it off Geryon in the Vestibule of Hell)
 y - a tin of tremorstones (1/2) {throwing}
   (You found it on level 2 of the Depths)
 A - a lightning rod (inert)
   (You found it on level 10 of the Dungeon)
 B - a box of beasts (inert)
   (You found it on level 5 of the Vaults)
 D - a phial of floods
   (You found it on level 1 of the Lair of Beasts)
 X - a phantom mirror
   (You found it on level 3 of the Elven Halls)

Dungeon Overview and Level Annotations

Branches:
Dungeon (15/15)            Temple (1/1) D:4            Lair (6/6) D:9
  Swamp (4/4) Lair:4        Snake (4/4) Lair:3        Slime (5/5) Lair:6
    Orc (2/2) D:12            Elf (3/3) Orc:2        Vaults (5/5) D:13
  Crypt (0/3) Vaults:2     Depths (4/4) D:15           Hell (visited)
    Dis (0/7) Hell            Geh (0/7) Hell            Coc (0/7) Hell
    Tar (0/7) Hell            Zot (0/5) Depths:4      IceCv (visited)

Altars:
Ashenzari
Cheibriados
Dithmenos
Elyvilon
Fedhas
Gozag
Hepliaklqana
Kikubaaqudgha
Makhleb
Nemelex Xobeh
Okawaru
Qazlal
Ru
Sif Muna
Trog
Uskayaw
Vehumet
Wu Jian
Xom
Yredelemnul
Zin
The Shining One
Beogh
Jiyva

Shops:
D:14 =   Orc:2 *=[=(   Elf:1 :   Elf:3 *!==   Snake:1 [**([   Snake:2 (
Snake:3 *   Vaults:2 :

Portals:
Hell: Depths:1 Depths:2 Depths:3 Depths:4
Abyss: Depths:1 Depths:3
Pandemonium: Depths:2
Ziggurat: Depths:1

Annotations:
Pan Lom Lobon

≈≈≈≈...≈≈≈≈≈≈≈≈≈≈≈
#=........#..
≈≈≈≈≈≈≈≈≈≈≈####≈≈≈
####'######..
#≈≈≈≈≈≈≈≈########≈
#......#.###
###≈≈≈####≈≈≈≈###
###.....##..#
..#####≈≈≈≈§§§§§##
#.'..!...#...
...###≈≈≈≈≈§§§§§§##
#.##.....##..
≈....)≈≈≈..§§§§§§§#
#..#......'..
≈≈..)....≈≈§§§§§§§#
#..##.....##.
≈≈≈^###≈≈≈≈§§§§§@§#
#...#......#. ≈≈≈.#
###≈≈§§§§§§&#
########'###' ≈≈≈##
##≈§§§§§§°#
#.∩.#........ ≈≈≈#
##§§§§§§##
#...#........ ≈≈##
##§§§###
#...#........ ###
##§§§##
#...'.......#
###.§§###
#...#......##
###.....°○###
#...#.....## ##
##.).....°§☼☼##
#...#....##


You could see Lom Lobon (vortex).


Message History

* * * LOW HITPOINT WARNING * * *
Lom Lobon gestures. 2 ball lightnings come into view. 😱 HP[-15]
You take 15 damage, and now have 10/199 hp.
Press: ? - help, v - describe, . - travel
Here: Lom Lobon (heavily wounded)
The floor.
You feel better.
You hear a clap of thunder!
The blast of lightning engulfs the ball lightning.
The ball lightning completely resists.
The blast of lightning engulfs Lom Lobon.
Lom Lobon completely resists.
The ball lightning explodes!
The blast of lightning engulfs you! You resist.
* * * LOW HITPOINT WARNING * * *
The blast of lightning engulfs Lom Lobon.
Lom Lobon completely resists.
Lom Lobon screams, "Get thee gone, thou unhinged weevil-witted bloater!" 😱 HP[-5]
You take 5 damage, and now have 5/199 hp. 😱 HP[+1]
You feel better.
Lom Lobon gestures.
Lom Lobon blinks! 😱 HP[+8] MP[+1]
You regained 8 hp, and now have 14/199 hp.
You feel better.
Lom Lobon gestures. 3 ball lightnings come into view. 😱 HP[+11]
You regained 11 hp, and now have 25/199 hp.
You feel better.
The ball lightning explodes!
The blast of lightning engulfs you! You resist.
You feel more protected from electricity.
* * * LOW HITPOINT WARNING * * *
The blast of lightning engulfs Lom Lobon.
Lom Lobon completely resists.
The blast of lightning engulfs the ball lightning.
The ball lightning completely resists.
Lom Lobon screams, "Return whence thou came before doom catcheth thee!" 😱 HP[+2]
You regained 2 hp, and now have 27/199 hp.
You feel better.
The teleport trap disappears.
The ball lightning disappears!
The ball lightning explodes!
The blast of lightning engulfs Lom Lobon.
Lom Lobon completely resists.
The blast of lightning engulfs you! You resist.
You feel more protected from electricity.
* * * LOW HITPOINT WARNING * * *
Lom Lobon screams, "Face thy fugue, thou dissembling two-tin-hat snake-molt!" 😱 HP[+2] MP[+1]
You regained 2 hp, and now have 29/199 hp.
You are confused.
You feel invigorated.
You hear a clap of thunder!
Lom Lobon gestures.
A freezing vortex appears around Lom Lobon! 😱 HP[+5] MP[+5]
You regained 5 hp, and now have 34/199 hp.
You regained 5 mp, and now have 30/40 mp.
You slash Lom Lobon! The freezing vortex lifts you up.
You fly up into the air.
* * * LOW HITPOINT WARNING * * *
Lom Lobon hits you but does no damage.
Lom Lobon completely resists. 😱 HP[-10] MP[+2]
You take 10 damage, and now have 24/199 hp.
You regained 2 mp, and now have 32/40 mp.
You feel a little less mighty now.
* * * LOW HITPOINT WARNING * * *
Lom Lobon hits you.
* * * LOW HITPOINT WARNING * * *
You feel your power leaking away.
Lom Lobon completely resists. 😱 HP[-5] MP[-5]
You take 5 damage, and now have 19/199 hp.
You lost 5 mp, and now have 27/40 mp.
You feel better.
You feel less invigorated.
* * * LOW HITPOINT WARNING * * *
You hear a clap of thunder!
You block Lom Lobon's attack. 😱 HP[-7] MP[+5]
You take 7 damage, and now have 12/199 hp.
You regained 5 mp, and now have 32/40 mp.
You feel better.
* * * LOW HITPOINT WARNING * * *
The ball lightning explodes!
The blast of lightning engulfs Lom Lobon.
Lom Lobon completely resists. 😱 HP[-3]
You take 3 damage, and now have 9/199 hp.
You feel better.
Lom Lobon screams, "Thy sanity shall be my curdle!"
* * * LOW HITPOINT WARNING * * *
Lom Lobon gestures at you.
Lom Lobon conjures a mighty blast of ice!
The great icy blast engulfs you!!! You partially resist.
Your resistance to electricity fades away.
You feel protected from cold.
You die...

Skill      XL: |  1  2  3  4  5  6  7  8  9 10 11 12 13 14 15 16 17 18 19 20 21 22 23 24 25 26 27 |
---------------+----------------------------------------------------------------------------------+-----
Long Blades    | 3 4 6 7 8 9 12 14 16 18 20 21 22 23 24 | 24.0
Shields        | 4 6 9 15 17 19 | 19.9
Invocations    | 4 6 10 12 15 20 27 | 27.0
Fighting       | 6 10 12 13 15 17 19 22 27 | 27.0
Armour         | 6 10 12 13 15 18 20 | 20.0
Evocations     | 4 8 11 15 20 | 20.0
Throwing       | 6 7 10 | 10.4
Dodging        | 5 |  5.0

Action                   |  1- 3 |  4- 6 |  7- 9 | 10-12 | 13-15 | 16-18 | 19-21 | 22-24 | 25-27 || total
-------------------------+-------+-------+-------+-------+-------+-------+-------+-------+-------++-------
Melee: Long sword        |    70 |   123 |   103 |       |       |       |       |       |   533 ||   829
       Rapier            |       |       |    48 |       |       |       |       |       |       ||    48
       Great sword       |       |       |   135 |   344 |  1045 |  1224 |  1357 |  1004 |       ||  5109
       Trident           |       |       |       |    10 |       |       |       |       |       ||    10
       Halberd           |       |       |       |       |     6 |    19 |       |       |       ||    25
       Triple sword      |       |       |       |       |       |       |       |   370 |  2535 ||  2905
Throw: Javelin           |       |       |       |     1 |       |       |       |       |     6 ||     7
       Stone             |       |       |       |       |    14 |       |       |       |       ||    14
       Dart              |       |       |       |       |       |       |     1 |       |       ||     1
Invok: Upheaval          |       |       |       |    12 |     1 |     3 |     6 |     3 |    31 ||    56
       Elemental Force   |       |       |       |     1 |       |     1 |       |       |     4 ||     6
       Disaster Area     |       |       |       |       |       |     2 |     1 |       |    10 ||    13
 Abil: Dig               |     2 |     2 |     4 |     3 |     4 |     3 |     3 |       |     6 ||    27
Evoke: Wand              |       |       |       |     9 |     5 |     1 |     1 |       |    38 ||    54
       Lightning rod     |       |       |       |       |       |       |       |       |     5 ||     5
       Tin of tremorston |       |       |       |       |       |       |       |       |     4 ||     4
       Box of beasts     |       |       |       |       |       |       |       |       |     3 ||     3
       Horn of Geryon    |       |       |       |       |       |       |       |       |     2 ||     2
       Phantom mirror    |       |       |       |       |       |       |       |       |     1 ||     1
       Condenser vane    |       |       |       |       |       |       |       |       |     1 ||     1
  Use: Potion            |       |     1 |     1 |     2 |       |     1 |     2 |     1 |    36 ||    44
       Scroll            |       |       |    11 |     6 |     8 |     7 |     5 |     2 |     8 ||    47
 Stab: Invisible         |       |       |       |       |       |       |       |       |     4 ||     4
       Distracted        |       |       |       |       |       |       |       |       |     2 ||     2
Armor: Scale mail        |    22 |    50 |    31 |       |       |       |       |       |       ||   103
       Plate armour      |       |       |    79 |       |   362 |   529 |   575 |   429 |  1413 ||  3387
       Ring mail         |       |       |    17 |    70 |     3 |       |       |       |       ||    90
Dodge: Dodged            |    31 |    50 |    71 |    80 |   188 |   245 |   237 |   232 |   824 ||  1958
       Repelled          |       |       |       |     1 |     4 |    24 |     9 |    17 |    39 ||    94
Block: Buckler           |    11 |    23 |    51 |       |       |       |       |       |       ||    85
       Kite shield       |       |       |    57 |   192 |   688 |   136 |       |       |       ||  1073
       Tower shield      |       |       |       |       |       |  1308 |  1319 |  1283 |  3585 ||  7495

Levels and vault maps discovered:
D:1:      doesnt_arrival_eight_statues, layout_basic,
          chequers_serial_rivers_micro_e
D:2:      layout_loops_corners, basic_altar, dreamdust_ecumenical_altar_statues,
          minmay_fountain_box, uniq_sigmund, uniq_crazy_yiuf_cottage
D:3:      layout_rooms, general_overflow_altar,
          nicolae_overflow_ecumenical_swirl, serial_undead, serial_undead_e,
          serial_undead_c, serial_undead_d, serial_undead_e, serial_undead_d,
          serial_undead_c
D:4:      layout_loops_cross, minmay_temple_entry_wispy, uniq_robin
D:5:      layout_gridville, kennysheep_little_box, uniq_ijyb
D:6:      layout_cave_pools
D:7:      layout_cave_pools, nicolae_tso_besieged_by_evil, nrook_mini_backslash,
          uniq_pikel
D:8:      layout_basic, nicolae_gozag_cash_rules_everything_around_me,
          mumra_transporter_accident, kennysheep_boxes, uniq_maurice,
          uniq_psyche, uniq_harold
D:9:      minmay_goldmine, layout_basic, lemuel_doored_altar, erik_lair_island
D:10:     layout_roguey, mainiacjoe_overflow_cross_hatched,
          nemelex_diamond_rough_becter, statue_in_the_mist_lemuel,
          minmay_door_square
D:11:     layout_loops_corners, minmay_guarded_unrand_vampires_tooth
D:12:     layout_rooms, erik_orc_2, special_room [special_room_orc],
          portal_ice_cave_entry_pillars_2
D:13:     layout_rooms, david_vaults_5
D:14:     nzn_winding_woodlands_large [nzn_winding_woodlands_5x5_checkerboard,
          nzn_winding_woodlands_5x15_split_checker,
          nzn_winding_woodlands_5x5_cross, nzn_winding_woodlands_center_garden,
          nzn_winding_woodlands_15x15_killbox,
          nzn_winding_woodlands_center_diamonds,
          nzn_winding_woodlands_5x5_closed_star,
          nzn_winding_woodlands_5x15_pockets,
          nzn_winding_woodlands_5x5_open_star], layout_loops_ring, hex_tiny,
          serial_shops, nicolae_shop_waterfront, uniq_nessos, uniq_jorgrun
D:15:     grunt_enter_depths_magical_seal, layout_loops_ring,
          chequers_serial_rivers_large_a
Temple:   eino_narrow_crystal_temple
Lair:1:   layout_cave_pods
Lair:2:   layout_cave_pods, grunt_megastairs_1
Lair:3:   layout_roguey, guppyfry_snake_entry_garden, minivault_25, st_stairs_4,
          uniq_prince_ribbit2
Lair:4:   layout_roguey, skrybe_swamp_entry_bodies
Lair:5:   layout_cave_pods, grunt_megastairs_3, uniq_snorg
Lair:6:   hangedman_lair_tendril_chambers, layout_hall_layers,
          guppyfry_lair_end_dragon, slime_altar_2, ebering_ghost_reflecting_pool
Swamp:1:  nicolae_swamp_tree_isthmus, layout_basic_swamp,
          evilmike_swamp_ruin_rubble_1, swamp_pool5, nicolae_swamp_dense_foliage
Swamp:2:  layout_basic_swamp, ebering_ghost_xom, hangedman_swamp_ruin_wall,
          swamp_pool4
Swamp:3:  layout_basic_swamp, evilmike_swamp_ruin_house_6, swamp_pool4,
          nicolae_swamp_bean_lake
Swamp:4:  swamp_old_school, layout_basic_swamp
Snake:1:  layout_rooms, serial_shops, nicolae_shop_hallway_plus,
          nicolae_square_shop, nicolae_shop_waterfront, nicolae_diamond_shop,
          nicolae_shop_hallway_stairs, serial_bayou_lagoon_a, st_stairs_1,
          serial_bayou_shore_a
Snake:2:  layout_onion_interference, serial_shops,
          nicolae_shop_temple_entry_statues_fountains, uniq_vashnia, uniq_aizul,
          uniq_mlioglotl, uniq_azrael
Snake:3:  layout_layer_cave, basic_altar, nicolae_shop_gadgets, uniq_roxanne,
          uniq_asterion
Snake:4:  grunt_snake_rune_serpentine_throne, layout_cave_town,
          lemuel_oklob_altar, uniq_mara
Slime:1:  cheibrodos_slime_lost_civilization_3, layout_caves
Slime:2:  cheibrodos_slime_lost_civilization_1, layout_caves
Slime:3:  layout_caves
Slime:4:  layout_caves
Slime:5
Orc:1:    layout_diamond_mine, basic_altar, lemuel_statue_altar
Orc:2:    grunt_orc_gardens, layout_caves, grunt_orc_garden, grunt_orc_garden,
          grunt_orc_garden, grunt_orc_garden, serial_shops, shop, basic_altar
Elf:1:    nicolae_elf_arrival_no_cutting_in_line, layout_geoelf_grid,
          serial_shops, nicolae_shop_hallway_stairs, minmay_elf_demonology,
          grunt_ministairs_6, fake_guardian_serpent_vault
Elf:2:    nicolae_elf_blades_crystal_corner, layout_geoelf_octagon
Elf:3:    minmay_elf_hall_furrowed, layout_geoelf_octagon, serial_shops,
          nicolae_shop_waterfront, shop, nicolae_shop_overgrown_old_shop, shop
Vaults:1: dpeg_vaults_monster_row, st_check, nicolae_vaults_little_ls,
          vaults_mumra_lcd, ontoclasm_vaults_idyll,
          vaults_room_grunt_arrival_ludios, v_misc_33, vaults_mumra_hexcomb,
          nicolae_vaults_windows_and_doors_thing, nicolae_vaults_angled_halls,
          hangedman_vaults_trim, nicolae_vaults_specimen_jars, v_misc_23,
          vaults_mumra_chevron, layout_vaults_maze, enter_trove_6
Vaults:2: gammafunk_ghost_crypt, vaults_room_ringed_pool, v_misc_2,
          ontoclasm_vaults_loading_screen, vaults_mumra_hex,
          minmay_crypt_entry_simple_round, vaults_dpeg_doors, vaults_room_fours,
          ontoclasm_vaults_fault, layout_vaults_quadrants, serial_shops,
          nicolae_shop_competitors_out_of_business
Vaults:3: nicolae_vaults_an_arrangement, v_rooms_3, v_alt_pattern_3,
          grunt_vaults_focal, v_misc_24, ontoclasm_vaults_idyll,
          hangedman_vaults_stitches, v_misc_30, nicolae_vaults_back_hallway,
          ontoclasm_vaults_ligature, v_alt_pattern_1, dpeg_vaults_monster_box,
          vaults_room_fours, layout_vaults_ring
Vaults:4: v_misc_3, v_misc_2, nicolae_vaults_network_quinsquares
          [nicolae_vaults_network_quincunx_subvault,
          nicolae_vaults_network_quincunx_subvault,
          nicolae_vaults_network_quincunx_subvault,
          nicolae_vaults_network_quincunx_subvault], v_pattern_4,
          v_alt_pattern_6, v_misc_29, nicolae_vaults_c_with_doors,
          nicolae_vaults_shelves_hall, v_misc_24, nicolae_vaults_shelves_hall,
          layout_vaults_omnibox
Vaults:5: serial_shops, uniq_mennas
Depths:1: layout_gridlike, enter_ziggurat_a, serial_sigils,
          serial_sigils_hangedman_clutch, serial_sigils_hangedman_leer,
          serial_sigils_hangedman_scratch, serial_sigils_hangedman_writhe,
          nicolae_abyss_entry_one_way_or_another, grunt_hell_entry_dis_mu,
          minivault_15, hallowed_hall
Depths:2: nicolae_cairo_tiling, layout_cave_pools, hell_entry,
          ebering_ghost_disaster_area, rand_demon_pan_entry_3,
          roderic_roman_lattice, minivault_16, infiniplex_staircase_zigzag_1
Depths:3: minmay_octagon_city, layout_cave_shapes, grunt_mini_vestibule,
          abyss_entry_crystal, infiniplex_staircase_pillars_3b,
          serial_bayou_shore_b, uniq_xtahua, uniq_jory
Depths:4: evilmike_zot_entry_basic, layout_basic, chequers_serial_rivers_room_a,
          pf_hell_entry_tar_river, hangedman_decor_cross_pass, uniq_sojobo
Hell
Pan:      evilmike_mini_pan_pillars, layout_gridlike, nicolae_pan_glass_arcs,
          layout_gridlike, pan_blood_fountain_small, nicolae_pan_hourglass,
          layout_pan_divisions_a [pan_division_quadrant_a4,
          pan_division_quadrant_a3, pan_division_quadrant_a5,
          pan_division_quadrant_a6, pan_division_octagon_empty],
          reaverb_pan_squares, nicolae_pan_cerebovesque_3,
          nicolae_pan_sigil_itan, gammafunk_dig_for_victory,
          layout_pan_divisions_a [pan_division_quadrant_a2,
          pan_division_quadrant_a1, pan_division_quadrant_a5,
          pan_division_quadrant_a4, pan_division_octagon_box], mnoleg_grunt,
          layout_rooms, nicolae_pan_cerebovesque_4, cerebov_st, layout_basic,
          rand_demon_2, layout_cellular_growth, pan_blood_fountain_small,
          uniq_ignacio, lom_lobon_spiral_st, layout_pan_divisions_b
          [pan_division_quadrant_b1, pan_division_quadrant_b6,
          pan_division_quadrant_b2, pan_division_quadrant_b3],
          pan_blood_fountain, nicolae_pan_lom_lobonic_1

Notes
Turn   | Place    | Note
-------+----------+-------------------------------------------
     0 | D:1      | KyoPewz the Formicid Fighter began the quest for the Orb.
     0 | D:1      | Reached XP level 1. HP: 18/18 MP: 1/1
     0 | D:1      | magus.rc [v1.9.6]
   133 | D:1      | Reached XP level 2. HP: 24/24 MP: 2/2
   259 | D:1      | Reached skill level 3 in Long Blades
   444 | D:1      | Reached XP level 3. HP: 26/29 MP: 3/3
   965 | D:1      | You pick up a book of Pain and begin reading...
   965 | D:1      | You add the spells Pain, Agony and Excruciating Wounds to
                  | your library.
  1214 | D:1      | Reached skill level 4 in Long Blades
  1214 | D:1      | Reached XP level 4. HP: 24/35 MP: 4/4
  1889 | D:2      | Found a runed translucent door.
  1890 | D:2      | Noticed Crazy Yiuf
  1924 | D:2      | Found an ornate altar of the Wu Jian Council.
  1954 | D:2      | Reached XP level 5. HP: 41/41 MP: 5/5
  2111 | D:2      | Noticed Sigmund
  2139 | D:2      | Killed Sigmund
  2140 | D:2      | Reached skill level 6 in Long Blades
  2140 | D:2      | Reached XP level 6. HP: 29/47 MP: 6/6
  2519 | D:2      | Found a faded altar of an unknown god.
  2538 | D:2      | Prayed at the altar of an unknown god.
  2538 | D:2      | Became a worshipper of Qazlal Stormbringer
  2538 | D:2      | Reached * piety under Qazlal
  2655 | D:2      | Killed Crazy Yiuf
  2883 | D:3      | Found a faded altar of an unknown god.
  2904 | D:3      | Found a shadowy altar of Dithmenos.
  3023 | D:3      | Reached skill level 7 in Long Blades
  3023 | D:3      | Reached XP level 7. HP: 35/52 MP: 7/7
  3441 | D:3      | Found a blossoming altar of Fedhas.
  3536 | D:4      | Reached skill level 4 in Shields
  3584 | D:4      | Reached ** piety under Qazlal
  3643 | D:4      | Identified the +2 helmet "Kufropoe" {rElec rF+ rCorr}
  3643 | D:4      | Noticed Robin
  3683 | D:4      | Killed Robin
  3756 | D:4      | Found a staircase to the Ecumenical Temple.
  3778 | Temple   | Entered the Ecumenical Temple
  4052 | D:4      | You pick up a book of Callings and begin reading...
  4052 | D:4      | You add the spells Summon Small Mammal, Call Canine
                  | Familiar and Summon Guardian Golem to your library.
  4064 | D:4      | HP: 7/52 [iguana (10)]
  4285 | D:4      | HP: 13/52 [black bear (4)]
  4307 | D:4      | Reached skill level 8 in Long Blades
  4538 | D:4      | Reached XP level 8. HP: 29/58 MP: 8/8
  4744 | D:4      | Reached skill level 5 in Shields
  5253 | D:5      | Entered Level 5 of the Dungeon
  5480 | D:5      | Reached skill level 9 in Long Blades
  5558 | D:5      | Reached skill level 6 in Shields
  5566 | D:5      | Noticed Ijyb
  5579 | D:5      | Killed Ijyb
  5852 | D:5      | Reached XP level 9. HP: 64/64 MP: 9/9
  6034 | D:5      | Found a white marble altar of Elyvilon.
  6291 | D:6      | Reached skill level 10 in Long Blades
  6480 | D:6      | Identified a scroll of acquirement
  6480 | D:6      | Acquired a manual of Shields
  6526 | D:6      | You add the spells Gell's Gravitas, Teleport Other and
                  | Dispersal to your library.
  6545 | D:6      | Reached skill level 7 in Shields
  6646 | D:6      | Reached *** piety under Qazlal
  6856 | D:6      | Reached skill level 8 in Shields
  7368 | D:7      | Reached skill level 11 in Long Blades
  7382 | D:7      | Noticed a kobold demonologist
  7401 | D:7      | Noticed a hellwing
  7403 | D:7      | Killed a kobold demonologist
  7404 | D:7      | Reached skill level 9 in Shields
  7430 | D:7      | Found a glowing golden altar of the Shining One.
  7447 | D:7      | Noticed Pikel
  7472 | D:7      | Killed Pikel
  7473 | D:7      | Reached skill level 12 in Long Blades
  7473 | D:7      | Reached XP level 10. HP: 68/70 MP: 10/10
  8065 | D:8      | Noticed Harold
  8092 | D:8      | Killed Harold
  8093 | D:8      | Reached skill level 13 in Long Blades
  8310 | D:8      | Noticed Psyche
  8481 | D:8      | Killed Psyche
  8821 | D:8      | Noticed Maurice
  8836 | D:8      | Killed Maurice
  8907 | D:8      | Found an opulent altar of Gozag.
  9162 | D:9      | Noticed a two-headed ogre
  9170 | D:9      | Killed a two-headed ogre
  9171 | D:9      | Reached skill level 4 in Invocations
  9171 | D:9      | Reached skill level 14 in Long Blades
  9171 | D:9      | Reached XP level 11. HP: 75/75 MP: 10/14
  9358 | D:9      | Reached **** piety under Qazlal
  9393 | D:9      | Noticed a two-headed ogre
  9408 | D:9      | Killed a two-headed ogre
  9433 | D:9      | Reached skill level 15 in Long Blades
  9644 | D:9      | Found a staircase to the Lair.
 10446 | D:9      | Found a shimmering blue altar of Sif Muna.
 10963 | Lair:1   | Entered Level 1 of the Lair of Beasts
 10976 | Lair:1   | B - a +0 eveningstar {macerare=g}
 10996 | Lair:1   | Reached skill level 16 in Long Blades
 11302 | Lair:1   | Noticed an eight-headed hydra
 11371 | Lair:1   | Killed an eight-headed hydra
 11645 | Lair:1   | You drop a +0 eveningstar {macerare=g}.
 11743 | Lair:1   | B - a +0 eveningstar {macerare=g}
 11942 | Lair:1   | Noticed a seven-headed hydra
 12012 | Lair:1   | Killed an eight-headed hydra
 12013 | Lair:1   | Reached XP level 12. HP: 63/81 MP: 6/15
 12294 | Lair:2   | Reached skill level 17 in Long Blades
 12321 | Lair:2   | You pick up a book of Power and begin reading...
 12321 | Lair:2   | You add the spells Iskenderun's Battlesphere, Iron Shot and
                  | Spellforged Servitor to your library.
 12327 | Lair:2   | You pick up a book of Burglary and begin reading...
 12495 | Lair:2   | Noticed a boulder beetle
 12523 | Lair:2   | Killed a boulder beetle
 12756 | Lair:2   | You pick up a book of Winter and begin reading...
 12756 | Lair:2   | You add the spells Ozocubu's Armour, Metabolic Englaciation
                  | and Simulacrum to your library.
 13758 | Lair:3   | Found a staircase to the Snake Pit.
 13762 | Lair:3   | Reached skill level 18 in Long Blades
 14196 | Lair:3   | Noticed Prince Ribbit
 14198 | Lair:3   | HP: 17/81 [poisoned by a cane toad]
 14214 | Lair:3   | Killed Prince Ribbit
 14218 | Lair:3   | HP: 18/81 [blink frog[Prince Ribbit] (12)]
 14223 | Lair:3   | HP: 6/81 [blink frog[Prince Ribbit] (13)]
 14805 | Lair:3   | Noticed an eight-headed hydra
 14868 | Lair:3   | HP: 16/81 [eight-headed hydra (8)]
 14871 | Lair:3   | Killed an eight-headed hydra
 15435 | Lair:4   | Found a staircase to the Swamp.
 15480 | Lair:4   | Reached XP level 13. HP: 76/86 MP: 16/16
 15494 | Lair:4   | Reached skill level 19 in Long Blades
 15779 | Lair:4   | Found the +15 Maxwell's patent armour {-Cast -Tele rElec
                  | Will+ rCorr}
 15819 | Lair:4   | You pick up a book of Armaments and begin reading...
 15819 | Lair:4   | You add the spells Stone Arrow, Animate Armour and
                  | Lehudib's Crystal Spear to your library.
 15829 | Lair:4   | Identified the +0 helmet of Death Resistance {Contam
                  | Rampage Will++ rCorr}
 15921 | Lair:4   | Noticed an eight-headed hydra
 16367 | Lair:4   | Reached skill level 20 in Long Blades
 16923 | Lair:4   | Killed a nine-headed hydra
 16924 | Lair:4   | Reached skill level 4 in Fighting
 16924 | Lair:4   | Reached skill level 4 in Armour
 17253 | Lair:5   | Reached skill level 5 in Fighting
 17253 | Lair:5   | Reached skill level 5 in Armour
 17612 | Lair:5   | Reached skill level 6 in Fighting
 17612 | Lair:5   | Reached skill level 6 in Armour
 17958 | Lair:5   | Noticed a seven-headed hydra
 17964 | Lair:5   | Killed a nine-headed hydra
 18039 | Lair:4   | Reached XP level 14. HP: 68/101 MP: 17/17
 18180 | Lair:4   | Reached skill level 7 in Fighting
 18180 | Lair:4   | Reached skill level 7 in Armour
 18448 | Lair:5   | Noticed Snorg
 18477 | Lair:5   | Killed Snorg
 18967 | Lair:6   | Entered Level 6 of the Lair of Beasts
 18984 | Lair:5   | Reached skill level 8 in Fighting
 18984 | Lair:5   | Reached skill level 8 in Armour
 19263 | Lair:6   | Reached skill level 9 in Fighting
 19263 | Lair:6   | Reached skill level 9 in Armour
 19422 | Lair:6   | Found a runed translucent door.
 19423 | Lair:6   | Found a viscous altar of Jiyva.
 19425 | Lair:6   | Found a staircase to the Slime Pits.
 19873 | Lair:6   | Reached ***** piety under Qazlal
 19950 | Lair:6   | Reached skill level 10 in Fighting
 19950 | Lair:6   | Reached skill level 10 in Armour
 20054 | Lair:6   | Reached skill level 1 in Evocations
 20099 | Lair:6   | Reached skill level 2 in Evocations
 20220 | Lair:6   | Reached skill level 5 in Invocations
 20279 | Lair:6   | Reached skill level 3 in Evocations
 20360 | Lair:6   | Found a runed translucent door.
 20464 | Lair:6   | Reached skill level 6 in Invocations
 20474 | Lair:6   | Reached skill level 4 in Evocations
 20474 | Lair:6   | Reached XP level 15. HP: 115/115 MP: 19/19
 20519 | Lair:6   | Reached skill level 5 in Evocations
 20520 | Lair:6   | Reached skill level 7 in Invocations
 21121 | Lair:6   | Noticed Odudd's ghost (journeyman FoFi)
 21172 | Lair:6   | Killed Odudd's ghost
 21173 | Lair:6   | Reached skill level 6 in Evocations
 21349 | D:10     | Entered Level 10 of the Dungeon
 21365 | D:10     | Reached skill level 8 in Invocations
 21466 | D:10     | Found a stormy altar of Qazlal.
 21660 | D:10     | You add the spells Foxfire and Ignition to your library.
 21660 | D:10     | Got the Almanac of the Ashen Blaze
 21677 | D:10     | You pick up a book of Party Tricks and begin reading...
 21677 | D:10     | You add the spells Apportation and Alistair's Intoxication
                  | to your library.
 21683 | D:10     | You pick up a book of Blood and begin reading...
 21683 | D:10     | You add the spells Sublimation of Blood, Wereblood and
                  | Summon Hydra to your library.
 21785 | D:10     | Found a sparkling altar of Nemelex Xobeh.
 22025 | D:10     | Reached skill level 7 in Evocations
 22090 | D:11     | Identified the +9 halberd of Annoyance {flame, Str+4 Dex+3}
 22093 | D:11     | You drop a +0 eveningstar {macerare=g}.
 22119 | D:11     | B - a +0 eveningstar {macerare=g}
 22216 | D:11     | You drop a +0 eveningstar {macerare=g}.
 22225 | D:11     | B - a +0 eveningstar {macerare=g}
 22226 | D:11     | You drop a +0 eveningstar {macerare=g}.
 22235 | D:11     | B - a +0 eveningstar {macerare=g}
 22321 | D:11     | Reached skill level 9 in Invocations
 22429 | D:11     | Found the +8 Vampire's Tooth {vamp}
 23123 | D:12     | Reached skill level 8 in Evocations
 23195 | D:12     | Found a frozen archway.
 23200 | IceCv    | Entered an ice cave
 23228 | IceCv    | Reached skill level 10 in Invocations
 23269 | IceCv    | Reached skill level 1 in Throwing
 23307 | IceCv    | Reached skill level 2 in Throwing
 23359 | IceCv    | Reached ****** piety under Qazlal
 23364 | IceCv    | Noticed a reaper
 23385 | IceCv    | Killed a reaper
 23441 | IceCv    | Reached skill level 3 in Throwing
 23534 | IceCv    | Identified a +2 crystal plate armour of cold resistance
 23535 | IceCv    | X - a +2 crystal plate armour of cold resistance {rare=g}
 23799 | D:12     | Reached skill level 4 in Throwing
 24190 | D:12     | Found a staircase to the Orcish Mines.
 24390 | Orc:1    | Entered Level 1 of the Orcish Mines
 24450 | Orc:1    | Reached skill level 5 in Throwing
 25047 | Orc:2    | Entered Level 2 of the Orcish Mines
 25071 | Orc:2    | Reached skill level 6 in Throwing
 25071 | Orc:2    | Noticed an orc warlord
 25110 | Orc:1    | Reached XP level 16. HP: 117/122 MP: 23/23
 25194 | Orc:1    | Reached skill level 7 in Throwing
 25204 | Orc:2    | HP: 26/122 [orc knight (31)]
 25209 | Orc:1    | HP: 25/122 [poisoned by an orc warlord]
 25449 | Orc:2    | Reached skill level 10 in Shields
 25642 | Orc:2    | Found Lestrevoz's General Store.
 25649 | Orc:2    | Found Inass's Jewellery Shoppe.
 25651 | Orc:2    | Bought a scroll of brand weapon for 320 gold pieces
 25671 | Orc:2    | Reached skill level 11 in Shields
 25832 | Orc:2    | Found Dusaixu's Antique Armour Shoppe.
 25850 | Orc:2    | Found Bafu's Antique Weapon Emporium.
 25867 | Orc:2    | Found a bloodstained altar of Trog.
 25916 | Orc:2    | Found a staircase to the Elven Halls.
 25927 | Orc:2    | Found Wyghowea's Jewellery Shoppe.
 26374 | Orc:2    | Bought a pair of gloves for 175 gold pieces
 26374 | Orc:2    | Bought a tower shield for 175 gold pieces
 26528 | Orc:2    | Bought the ring of Ine Poaw {Ice rPois Str+6} for 634 gold
                  | pieces
 26528 | Orc:2    | Bought a ring of protection from fire for 325 gold pieces
 26660 | D:12     | Reached skill level 12 in Shields
 26730 | D:13     | You pick up a book of Winter and begin reading...
 26763 | D:13     | Reached skill level 13 in Shields
 26911 | D:13     | Reached skill level 9 in Evocations
 26965 | D:13     | Reached skill level 14 in Shields
 27054 | D:13     | Found a gate to the Vaults.
 27063 | D:13     | You pick up a book of Alchemy and begin reading...
 27063 | D:13     | You add the spells Petrify and Irradiate to your library.
 27098 | D:13     | You pick up a book of Debilitation and begin reading...
 27098 | D:13     | You add the spells Slow, Vampiric Draining and Confusing
                  | Touch to your library.
 27175 | D:13     | You pick up a book of Flames and begin reading...
 27175 | D:13     | You add the spells Conjure Flame, Inner Flame and Flame
                  | Wave to your library.
 27309 | D:14     | Noticed Nessos
 27355 | D:14     | Killed Nessos
 27360 | D:14     | Reached skill level 10 in Evocations
 27473 | D:14     | Found Juififur's Jewellery Boutique.
 27515 | D:14     | Reached skill level 15 in Shields
 27641 | D:14     | You pick up a book of Lightning and begin reading...
 27641 | D:14     | You add the spells Static Discharge, Lightning Bolt and
                  | Maxwell's Capacitive Coupling to your library.
 27705 | D:14     | Noticed Jorgrun
 27719 | D:14     | Killed Jorgrun
 27954 | D:14     | Reached skill level 11 in Evocations
 27955 | D:14     | Noticed a frost giant
 27966 | D:14     | Killed a frost giant
 27975 | D:14     | Reached XP level 17. HP: 128/128 MP: 24/24
 28218 | D:14     | HP: 32/129 [??? (30)]
 28618 | D:15     | Entered Level 15 of the Dungeon
 28775 | D:15     | You add the spells Borgnjor's Vile Clutch and Eringya's
                  | Noxious Bog to your library.
 28859 | D:15     | Reached skill level 11 in Fighting
 28870 | D:15     | Reached skill level 11 in Armour
 29018 | D:15     | You pick up a book of Maledictions and begin reading...
 29018 | D:15     | You add the spells Ensorcelled Hibernation and Tukima's
                  | Dance to your library.
 29244 | D:15     | Found a staircase to the Depths.
 29763 | Snake:1  | Entered Level 1 of the Snake Pit
 29984 | Snake:1  | Reached skill level 12 in Fighting
 30053 | Snake:1  | Reached skill level 12 in Armour
 30147 | Snake:1  | Found Ycrycwat's Assorted Antiques.
 30156 | Snake:1  | Bought a golden ring for 140 gold pieces
 30156 | Snake:1  | Bought a wand of iceblast (5) for 112 gold pieces
 30177 | Snake:1  | Found Taic's Antique Armour Shoppe.
 30221 | Snake:1  | Found Netan's Weapon Shoppe.
 30306 | Snake:1  | Found Zokemesh's Assorted Antiques.
 30322 | Snake:1  | Found Ifeqeax's Antique Armour Shoppe.
 30554 | Snake:2  | Noticed Vashnia
 30572 | Snake:2  | Noticed Mlioglotl
 30575 | Snake:2  | Noticed Aizul
 30578 | Snake:2  | Noticed a tentacled starspawn
 30578 | Snake:2  | Killed Mlioglotl
 30579 | Snake:2  | Reached XP level 18. HP: 134/140 MP: 25/25
 30586 | Snake:1  | Killed Aizul
 30624 | Snake:2  | Noticed Azrael
 30915 | Snake:2  | Reached skill level 21 in Long Blades
 31177 | Snake:2  | Killed Azrael
 31225 | Snake:2  | Killed Vashnia
 31226 | Snake:2  | Reached skill level 13 in Fighting
 31226 | Snake:2  | Reached skill level 11 in Invocations
 31240 | Snake:2  | Reached skill level 13 in Armour
 31271 | Snake:2  | Found Coenack's Weapon Shop.
 31577 | Snake:3  | Noticed Asterion
 31596 | Snake:2  | Killed Asterion
 31774 | Snake:3  | Found Nabloit's Gadget Gallery.
 31843 | Snake:3  | Noticed Roxanne
 31844 | Snake:3  | Identified the +5 rapier of Crystal {vorpal, rCorr Str-3
                  | Int-3 Dex+10}
 31863 | Snake:3  | Killed Roxanne
 31865 | Snake:3  | You pick up a book of the Earth and begin reading...
 31865 | Snake:3  | You add the spells Leda's Liquefaction, Lee's Rapid
                  | Deconstruction and Statue Form to your library.
 32018 | Snake:3  | Reached skill level 12 in Invocations
 32373 | Snake:3  | Found a glowing silver altar of Zin.
 32480 | Snake:4  | Entered Level 4 of the Snake Pit
 32688 | Snake:4  | Noticed Mara
 32697 | Snake:4  | Noticed KyoPewz's illusion
 32701 | Snake:4  | HP: 27/144 [Mara (24)]
 32705 | Snake:4  | Killed Mara
 32706 | Snake:4  | Reached XP level 19. HP: 28/151 MP: 9/28
 32706 | Snake:4  | HP: 28/151 [poisoned by a naga mage (bolt of poison)]
 32833 | Snake:4  | Reached skill level 13 in Invocations
 33334 | Snake:4  | Found a snail-covered altar of Cheibriados.
 33372 | Snake:4  | Reached skill level 14 in Fighting
 33482 | Snake:4  | Reached skill level 14 in Armour
 33753 | Snake:4  | Reached skill level 14 in Invocations
 33957 | Snake:4  | Got a serpentine rune of Zot
 34145 | Swamp:1  | Entered Level 1 of the Swamp
 34389 | Swamp:1  | You pick up a book of Hexes and begin reading...
 34389 | Swamp:1  | You add the spells Cause Fear and Discord to your library.
 34996 | Snake:1  | Bought an obsidian-encrusted plate armour for 1008 gold
                  | pieces
 34996 | Snake:1  | Identified the +0 plate armour of the Barnacle {rPois rC+
                  | Stlth+} (You bought it in a shop on level 1 of the Snake
                  | Pit)
 35061 | Snake:1  | Bought a pitted scale mail for 261 gold pieces
 35061 | Snake:1  | Identified the +1 scale mail "Zontew" {Stlth+} (You bought
                  | it in a shop on level 1 of the Snake Pit)
 35158 | Swamp:2  | Reached skill level 15 in Invocations
 35264 | Swamp:2  | Identified the +4 rapier of Wuufix {freeze, Int+4}
 35595 | Swamp:2  | Found a runed translucent door.
 35599 | Swamp:2  | Found a shimmering altar of Xom.
 35599 | Swamp:2  | Noticed Biomocic's ghost (journeyman TrBe)
 35605 | Swamp:2  | You pick up a book of Debilitation and begin reading...
 35844 | Swamp:2  | Killed Biomocic's ghost
 35847 | Swamp:2  | You pick up a book of Debilitation and begin reading...
 35907 | Swamp:3  | Upgraded the game from 0.28-a0-1084-ga282ea246d to
                  | 0.28-a0-1114-g8eb0198dcf
 35907 | Swamp:3  | magus.rc [v1.9.6]
 35920 | Swamp:3  | Reached skill level 15 in Fighting
 35954 | Swamp:3  | Reached skill level 15 in Armour
 36129 | Swamp:3  | Reached XP level 20. HP: 147/162 MP: 31/31
 36242 | Swamp:3  | Identified the +11 hunting sling of Umofolyl {freeze, MP+9
                  | Dex+4}
 36262 | Swamp:3  | You add the spells Spider Form and Yara's Violent
                  | Unravelling to your library.
 36262 | Swamp:3  | Got the Guide on Transformation
 36407 | Swamp:3  | Reached skill level 16 in Invocations
 36636 | Swamp:4  | Entered Level 4 of the Swamp
 36818 | Swamp:4  | Reached skill level 17 in Invocations
 36826 | Swamp:4  | Noticed the 27-headed Lernaean hydra
 36844 | Swamp:4  | Killed the 27-headed Lernaean hydra
 37310 | Swamp:4  | You pick up a book of Hexes and begin reading...
 37373 | Swamp:4  | Got a decaying rune of Zot
 37837 | Vaults:1 | Entered Level 1 of the Vaults
 37861 | D:13     | Reached skill level 18 in Invocations
 38036 | Vaults:1 | You pick up a book of Misfortune and begin reading...
 38098 | Vaults:1 | Reached skill level 19 in Invocations
 38521 | Vaults:1 | Reached skill level 20 in Invocations
 38568 | Vaults:1 | Found a portal to a secret trove of treasure.
 38571 | Vaults:1 | This trove needs +5 fire dragon scales to function. Give it
                  | the item?
 38571 | Vaults:1 | This trove needs +5 fire dragon scales to function. Give it
                  | the item?
 38571 | Vaults:1 | This trove needs +5 fire dragon scales to function. Give it
                  | the item?
 38590 | Vaults:1 | Reached XP level 21. HP: 168/168 MP: 35/35
 39950 | Vaults:2 | Reached skill level 16 in Fighting
 40290 | Vaults:2 | Noticed Yhutz's ghost (veteran MiFi)
 40291 | Vaults:2 | Found a runed translucent gate.
 40291 | Vaults:2 | Found a runed translucent gate.
 40291 | Vaults:2 | Found a runed translucent gate.
 40291 | Vaults:2 | Found an ancient bone altar of Kikubaaqudgha.
 40291 | Vaults:2 | Noticed a dread lich
 40291 | Vaults:2 | Noticed Plog's ghost (adept FeBe)
 40291 | Vaults:2 | Noticed Baqim's ghost (adept MiBe)
 40291 | Vaults:2 | Found the -2 hat of the Alchemist {rElec rPois rF+ rC+ rN+
                  | Will+ rMut rCorr}
 40376 | Vaults:2 | Found a staircase to the Crypt.
 40468 | Vaults:2 | Found Sicidaisi's Book Shop.
 40782 | Vaults:2 | Killed Plog's ghost
 40795 | Vaults:2 | Noticed a Brimstone Fiend
 40799 | Vaults:2 | Noticed a Tzitzimitl
 40807 | Vaults:1 | Killed a dread lich
 40829 | Vaults:1 | Killed Yhutz's ghost
 40907 | Vaults:2 | Killed Baqim's ghost
 40928 | Vaults:2 | You add the spells Animate Dead, Dispel Undead, Haunt and
                  | Death's Door to your library.
 40928 | Vaults:2 | Got Kikubaaqudgha's Tome of Stolen Souls
 40936 | Vaults:2 | Identified the +1 pair of boots "Miobeg" {Str+5 Dex+3
                  | Stlth-}
 40951 | Vaults:2 | Identified the amulet "Vesob" {Spirit rElec rF- MP+9
                  | Stlth+}
 41009 | Vaults:2 | Reached skill level 22 in Long Blades
 41115 | Vaults:3 | Reached skill level 17 in Fighting
 41419 | Vaults:3 | Reached XP level 22. HP: 168/182 MP: 36/36
 42315 | Vaults:4 | Reached skill level 18 in Fighting
 42735 | Vaults:4 | Reached skill level 23 in Long Blades
 43334 | Vaults:4 | You pick up a book of Alchemy and begin reading...
 43892 | Elf:1    | Entered Level 1 of the Elven Halls
 43894 | Elf:1    | You pick up a book of Cantrips and begin reading...
 43904 | Elf:1    | Reached skill level 19 in Fighting
 44034 | Elf:1    | You drop a +2 crystal plate armour of cold resistance
                  | {rare=g}.
 44037 | Elf:1    | X - a +2 crystal plate armour of cold resistance {rare=g}
 44038 | Elf:1    | X - a +2 crystal plate armour of cold resistance {rare=g}
 44367 | Elf:1    | Found Faewoqupoe's Book Shoppe.
 44443 | Elf:1    | Reached XP level 23. HP: 177/194 MP: 37/37
 44693 | Elf:1    | You add the spells Summon Lightning Spire, Summon Forest
                  | and Monstrous Menagerie to your library.
 44693 | Elf:1    | Got Teothrot's Disquisition on Slavery
 45471 | Elf:2    | Found a runed translucent gate.
 45472 | Elf:2    | Found a runed translucent gate.
 45472 | Elf:2    | Found a runed translucent gate.
 45732 | Elf:2    | Reached skill level 20 in Fighting
 45738 | Elf:2    | I - a +3 eveningstar of flaming {macerare=g}
 45808 | Elf:2    | Reached skill level 24 in Long Blades
 45968 | Elf:3    | Entered Level 3 of the Elven Halls
 46298 | Elf:3    | Identified the +9 flail "Ylierepess" {pain, rElec rF-
                  | Int+3}
 46304 | Elf:3    | Identified the ring "Lugowaacs" {Wiz Stlth+}
 46310 | Elf:3    | Reached skill level 21 in Fighting
 46361 | Elf:3    | Found Hur Esch's Jewellery Emporium.
 46365 | Elf:3    | Bought the ring of Mownaj {rC+ rN+ SInv} for 646 gold
                  | pieces
 46382 | Elf:3    | Identified the +6 mace of the Bespelling Shrike {spect,
                  | *Rage rC+ Int+3 Dex+4}
 46384 | Elf:3    | Gained mutation: You are weak. (Str -2) [a neqoxec]
 46437 | Elf:3    | Identified the +5 long sword "Jellybane" {vorpal, rF+ rN++
                  | Str+5}
 46440 | Elf:3    | Identified the +4 ring mail of the Stars {rF+ rCorr}
 46635 | Elf:3    | You pick up a book of Power and begin reading...
 46639 | Elf:3    | You add the spells Borgnjor's Revivification and
                  | Necromutation to your library.
 46643 | Elf:3    | Got the Grimoire of the Arsonist and Toxins
 46702 | Elf:3    | Identified the +3 scale mail of Ziruulof {rPois rC+ Stlth-}
 46725 | Elf:3    | You pick up a book of Displacement and begin reading...
 46763 | Elf:3    | Found the +8 demon trident "Rift" {distort, reach+}
 46785 | Elf:3    | You add the spells Corpse Rot, Silence and Dragon Form to
                  | your library.
 46785 | Elf:3    | Got Meos's Disquisition on Mutagenic Air
 46787 | Elf:3    | You add the spells Ice Form and Blade Hands to your
                  | library.
 46787 | Elf:3    | Got Coloamn's Catalogue of Moulding and Unholy Rites
 46790 | Elf:3    | You pick up a book of Air and begin reading...
 46790 | Elf:3    | You add the spells Shock and Airstrike to your library.
 47262 | Elf:3    | Found Hiet's Jewellery Boutique.
 47262 | Elf:3    | Found Nommurir's Distillery.
 47306 | Elf:3    | Bought a potion of curing for 42 gold pieces
 47306 | Elf:3    | Bought 2 potions of curing for 84 gold pieces
 47463 | Elf:3    | Found Muoluf's Assorted Antiques.
 47472 | Elf:3    | Bought a red potion for 27 gold pieces
 47472 | Elf:3    | Bought a scroll of enchant weapon for 232 gold pieces
 48430 | Depths:1 | Entered Level 1 of the Depths
 48460 | Depths:1 | Reached skill level 22 in Fighting
 48487 | Depths:1 | Found a gateway to Hell.
 48591 | Depths:1 | Found a gateway to a ziggurat.
 48731 | Depths:1 | Reached XP level 24. HP: 210/210 MP: 37/37
 48768 | Depths:1 | Noticed Louise
 48787 | Depths:1 | Killed Louise
 48789 | Depths:1 | Found a one-way gate to the infinite horrors of the Abyss.
 48805 | Depths:1 | Noticed a pearl dragon
 48811 | Depths:1 | Killed a pearl dragon
 48868 | Depths:1 | Reached skill level 16 in Shields
 48959 | Depths:1 | Identified the +3 plate armour "Kasequza" {rC- rCorr Str+2}
 49300 | Depths:1 | Reached skill level 17 in Shields
 49304 | Depths:1 | Found a glowing silver altar of Zin.
 49304 | Depths:1 | Found a white marble altar of Elyvilon.
 49304 | Depths:1 | Found a glowing golden altar of the Shining One.
 49431 | Depths:1 | Acquired a +5 triple sword of flaming
 49432 | Depths:1 | y - a +5 triple sword of flaming {longrare=g}
 49434 | Depths:1 | your +5 triple sword of flaming {longrare=g} bursts into
                  | flame!
 49434 | Depths:1 | y - a +5 triple sword of flaming (weapon) {longrare=g}
 49437 | Depths:1 | y - a +5 triple sword of flaming (weapon) {longrare=g}
 49437 | Depths:1 | a - a +5 triple sword of flaming (weapon) {longrare=g}
 49447 | Depths:2 | Reached skill level 1 in Dodging
 49471 | Depths:2 | Reached skill level 2 in Dodging
 49488 | Depths:1 | Reached skill level 3 in Dodging
 49614 | Depths:1 | Reached skill level 4 in Dodging
 49665 | Depths:2 | Reached skill level 5 in Dodging
 49967 | Depths:2 | Reached skill level 16 in Armour
 50130 | Depths:2 | Found a large runed translucent door.
 50131 | Depths:2 | Found a large runed translucent door.
 50132 | Depths:2 | Noticed Majang's ghost (veteran HuBe)
 50159 | Depths:2 | Found a one-way gate leading to the halls of Pandemonium.
 50719 | Depths:2 | Killed Majang's ghost
 50722 | Depths:2 | Identified the +5 trident of a wizard's laboratory {vorpal,
                  | rCorr}
 50784 | Depths:3 | Reached skill level 17 in Armour
 50909 | Depths:3 | Noticed Jory
 50934 | Depths:3 | Killed Jory
 51199 | Depths:3 | Noticed a golden dragon
 51199 | Depths:3 | Noticed a golden dragon
 51223 | Depths:3 | Reached skill level 18 in Armour
 51332 | Depths:2 | Reached XP level 25. HP: 197/201 MP: 37/37
 51353 | Depths:3 | Identified +0 gold dragon scales
 51623 | Depths:3 | Reached skill level 19 in Armour
 51781 | Depths:3 | Noticed a juggernaut
 51827 | Depths:3 | Killed a juggernaut
 51911 | Depths:3 | Reached skill level 20 in Armour
 51946 | Depths:3 | Reached skill level 12 in Evocations
 52100 | Depths:3 | You pick up a book of Debilitation and begin reading...
 52145 | Depths:3 | Reached skill level 13 in Evocations
 52421 | Depths:3 | Reached skill level 14 in Evocations
 52566 | Depths:3 | Noticed a juggernaut
 52582 | Depths:3 | Killed a juggernaut
 52583 | Depths:3 | Noticed Xtahua
 52591 | Depths:3 | Killed Xtahua
 52592 | Depths:3 | Reached skill level 15 in Evocations
 52687 | Depths:3 | Acquired the +9 triple sword "Reizoec" {vorpal, rPois Will+
                  | Int+3}
 52688 | Depths:3 | your +5 triple sword of flaming {longrare=g} stops flaming.
 52688 | Depths:3 | B - the +9 triple sword "Reizoec" (weapon) {vorpal, rPois
                  | Will+ Int+3, longrare=g}
 52695 | Depths:3 | a - the +9 triple sword "Reizoec" {vorpal, rPois Will+
                  | Int+3, longrare=g}
 52695 | Depths:3 | B - a +5 triple sword of flaming {longrare=g}
 52695 | Depths:3 | b - a +5 triple sword of flaming {longrare=g}
 52743 | Depths:3 | Identified the +1 ring mail of a Gauntlet {Str+3}
 52746 | Depths:3 | You pick up a book of Iron and begin reading...
 52754 | Depths:3 | Identified the +1 scale mail of the Shore {+Blink rN+ Str+2
                  | Int-4}
 52811 | Depths:3 | a - the +9 triple sword "Reizoec" (weapon) {vorpal, rPois
                  | Will+ Int+3, longrare=g}
 53126 | Vaults:1 | This trove needs +5 fire dragon scales to function. Give it
                  | the item?
 53126 | Vaults:1 | You paid a toll of +5 fire dragon scales to enter a
                  | treasure trove
 53127 | Trove    | Entered a treasure trove
 53157 | Trove    | Identified the amulet of the Villain {Reflect Int+2 SH+5}
 53161 | Trove    | Identified the amulet "Ymizag" {Regen+ Int+5}
 53163 | Trove    | Identified the amulet "Quacod" {Acrobat rPois rF+ rCorr
                  | Dex-2}
 53184 | Trove    | Identified the +0 cloak of Tartarus {rElec Int+4}
 53186 | Trove    | Identified the +8 scale mail of the Realm of Zot {rPois rF+
                  | rN+}
 53315 | D:13     | your +5 triple sword of flaming {longrare=g} drips with
                  | poison.
 53315 | D:13     | b - a +5 triple sword of venom {longrare=g}
 53316 | D:13     | your +5 triple sword of venom {longrare=g} projects an
                  | invisible shield of force!
 53316 | D:13     | b - a +5 triple sword of protection {longrare=g}
 53317 | D:13     | You drop a +5 triple sword of protection {longrare=g}.
 53321 | D:13     | l - a +5 triple sword of protection {longrare=g}
 53821 | Depths:4 | Entered Level 4 of the Depths
 53821 | Depths:4 | Noticed a juggernaut
 53826 | Depths:4 | Killed a juggernaut
 53827 | Depths:4 | Reached XP level 26. HP: 224/224 MP: 37/37
 54031 | Depths:4 | Reached skill level 16 in Evocations
 54087 | Depths:4 | Identified +0 gold dragon scales
 54251 | Depths:4 | Noticed Sojobo
 54277 | Depths:4 | Killed Sojobo
 54298 | Depths:4 | +0 gold dragon scales {rare}; a golden dragon corpse
 54348 | Depths:4 | Found a gate to the Realm of Zot.
 54356 | Depths:4 | You add the spells Ignite Poison and Sticky Flame to your
                  | library.
 54380 | Depths:4 | You pick up a book of Necromancy and begin reading...
 54414 | Depths:4 | Reached skill level 17 in Evocations
 54635 | Depths:4 | You pick up a book of Burglary and begin reading...
 55247 | Vaults:5 | Entered Level 5 of the Vaults
 55249 | Vaults:5 | Noticed a dread lich
 55283 | Vaults:4 | Killed a dread lich
 55329 | Vaults:4 | Reached skill level 18 in Evocations
 55363 | Vaults:5 | Noticed a dread lich
 55377 | Vaults:5 | HP: 47/224 [stone giant (24)]
 55377 | Vaults:5 | HP: 17/224 [vault guard (8)]
 55382 | Vaults:5 | HP: 55/224 [frost giant (14)]
 55385 | Vaults:5 | Killed a dread lich
 55388 | Vaults:4 | HP: 50/224 [storm dragon/bolt of lightning (2)]
 55569 | Vaults:5 | Reached skill level 19 in Evocations
 55569 | Vaults:5 | Noticed Mennas
 55934 | Vaults:4 | Killed Mennas
 56032 | Vaults:5 | Noticed an ancient lich
 56041 | Vaults:4 | Killed an ancient lich
 56042 | Vaults:4 | Reached skill level 20 in Evocations
 56119 | Vaults:4 | Reached XP level 27. HP: 136/231 MP: 37/37
 56435 | Vaults:5 | You pick up a book of the Sky and begin reading...
 56481 | Vaults:5 | Hit: a) +9 triple sword "Reizoec" {vorpal, rPois Will+
                  | Int+3, longrare=g}
 56481 | Vaults:5 | Hit: a) +9 triple sword "Reizoec" {vorpal, rPois Will+
                  | Int+3, longrare=g}
 56481 | Vaults:5 | Hit: a) +9 triple sword "Reizoec" {vorpal, rPois Will+
                  | Int+3, longrare=g}
 56481 | Vaults:5 | Hit: a) +9 triple sword "Reizoec" {vorpal, rPois Will+
                  | Int+3, longrare=g}
 56481 | Vaults:5 | Hit: a) +9 triple sword "Reizoec" {vorpal, rPois Will+
                  | Int+3, longrare=g}
 56591 | Vaults:5 | +0 shadow dragon scales {rare}; a shadow dragon corpse
 56614 | Vaults:5 | Identified the +1 robe "Wumoym" {Rampage rF- Regen+ Stlth+}
 56638 | Vaults:5 | You add the spells Portal Projectile and Passage of
                  | Golubria to your library.
 56638 | Vaults:5 | Got the Tome of Dark Dislocation
 56766 | Vaults:5 | Reached skill level 23 in Fighting
 56831 | Vaults:5 | Identified a +0 crystal plate armour
 56832 | Vaults:5 | Q - a +0 crystal plate armour {rare=g}
 57004 | Vaults:5 | Acquired a manual of Axes
 57008 | Vaults:5 | Identified the +9 scimitar "Xaujyf" {drain, rF+ rC- MP+9}
 57027 | Vaults:5 | Identified the -4 pair of boots of Whack-A-Mole {rCorr
                  | Str+8 Stlth-}
 57261 | Vaults:5 | Got a silver rune of Zot
 57796 | Slime:1  | Entered Level 1 of the Pits of Slime
 57844 | Slime:1  | Gained mutation: Your flesh is cold resistant. (rC+) [a
                  | shining eye]
 58860 | Slime:3  | Reached skill level 24 in Fighting
 59580 | Slime:5  | Entered Level 5 of the Pits of Slime
 59597 | Slime:5  | Noticed the Royal Jelly
 59862 | Slime:5  | Reached skill level 25 in Fighting
 60344 | Slime:4  | HP: 41/242 [rockslime[the Royal Jelly] (29)]
 60356 | Slime:4  | HP: 58/242 [rockslime[the Royal Jelly] (3)]
 60366 | Slime:4  | HP: 58/242 [rockslime[the Royal Jelly] (10)]
 60372 | Slime:4  | HP: 44/242 [rockslime[the Royal Jelly] (20)]
 60572 | Slime:5  | Found a viscous altar of Jiyva.
 60591 | Slime:5  | Found the +7 mace of Variability {chain chaos}
 60619 | Slime:5  | Killed the Royal Jelly
 60777 | Slime:5  | Identified the ring "Vujiugg" {rF+ rC+ EV+4 Dex+4}
 60781 | Slime:5  | You drop a +0 crystal plate armour {rare=g}.
 60791 | Slime:5  | Identified the +1 robe of Tuicaedi {Dex+4}
 60798 | Slime:5  | You pick up a book of Party Tricks and begin reading...
 60805 | Slime:5  | v - a +0 crystal plate armour {rare=g}
 60819 | Slime:5  | Identified the +9 mace "Ciduott" {elec, Dex+4}
 60836 | Slime:5  | You add the spells Mephitic Cloud and Freezing Cloud to
                  | your library.
 60858 | Slime:5  | Got a slimy rune of Zot
 60877 | Slime:5  | Identified the +6 hand crossbow "Cusyx" {penet, rElec Str+3
                  | Dex+3}
 61215 | Slime:5  | Identified the +2 scale mail of Ornamental the Good {Harm
                  | rC+ rCorr Str-2}
 61658 | D:13     | You drop a +0 crystal plate armour {rare=g}.
 61663 | D:13     | v - a +0 crystal plate armour {rare=g}
 61665 | D:13     | the +5 triple sword of protection {longrare} is engulfed in
                  | flames!
 61665 | D:13     | a +5 triple sword of flaming {longrare}
 61780 | Depths:1 | Voluntarily entered the Abyss.
 62409 | Abyss:1  | Gained mutation: You are extremely frail. (-30% HP) [a
                  | cacodemon]
 62413 | Abyss:1  | Reached skill level 26 in Fighting
 62617 | Abyss:3  | Found a hide-covered altar of Uskayaw.
 62656 | Abyss:3  | Found a corrupted altar of Lugonu.
 62997 | Abyss:3  | Got an abyssal rune of Zot
 63085 | Abyss:3  | HP: 49/222 [starcursed mass/accursed screaming (11)]
 63090 | Depths:1 | You pass through the gate.
 63090 | Depths:1 | Escaped the Abyss
 63287 | Depths:1 | Lost mutation: You are frail. (-10% HP) [potion of
                  | mutation]
 63287 | Depths:1 | Gained mutation: You sometimes lose the ability to read
                  | scrolls when taking damage. [potion of mutation]
 63287 | Depths:1 | Gained mutation: Your mind is acute. (Int +2) [potion of
                  | mutation]
 63287 | Depths:1 | Gained mutation: You possess an exceptional clarity of
                  | mind. [potion of mutation]
 63358 | Hell     | Entered the Vestibule of Hell
 63358 | Hell     | Noticed Geryon
 63375 | Hell     | Reached skill level 27 in Fighting
 63378 | Hell     | HP: 59/249 [hell hog (6)]
 63527 | Hell     | Noticed Murray
 63628 | Depths:1 | Killed Murray
 63767 | Hell     | Killed Geryon
 63977 | Hell     | Reached skill level 21 in Invocations
 64039 | Hell     | Found a gateway to the Iron City of Dis.
 64077 | Hell     | Found a gateway to the ashen valley of Gehenna.
 64208 | Hell     | Found a gateway to the decaying netherworld of Tartarus.
 64294 | Hell     | Found a gateway to the freezing wastes of Cocytus.
 64510 | Pan      | Entered Pandemonium
 64556 | Pan      | Reached skill level 22 in Invocations
 64593 | Pan      | Lost mutation: Your mind is acute. (Int +2) [a cacodemon]
 64611 | Pan      | You pick up a book of Chaos and begin reading...
 64611 | Pan      | You add the spells Conjure Ball Lightning and Disjunction
                  | to your library.
 64617 | Pan      | Got a demonic rune of Zot
 64637 | Pan      | You pick up a book of Cantrips and begin reading...
 64840 | Pan      | Identified the +2 leather armour of Hopscotch {Harm Dex+3}
 64853 | Pan      | Gained mutation: You are dopey. (Int -2) [a cacodemon]
 65026 | Pan      | Noticed Renairi the pandemonium lord
 65047 | Pan      | Killed Renairi the pandemonium lord
 65048 | Pan      | Reached skill level 23 in Invocations
 65115 | Pan      | Gained mutation: Your body sometimes deteriorates upon
                  | taking damage. [a cacodemon]
 65332 | Pan      | Identified the +1 ring mail of Grottiness {+Blink Int+3}
 65355 | Pan      | Found an exit through the horrors of the Abyss.
 65722 | Pan      | You pick up a book of Spectacle and begin reading...
 65722 | Pan      | You add the spells Dazzling Flash, Iskenderun's Mystic
                  | Blast and Starburst to your library.
 65819 | Pan      | Noticed Yseun the pandemonium lord
 65829 | Pan      | Killed Yseun the pandemonium lord
 65942 | Pan      | Reached skill level 24 in Invocations
 65942 | Pan      | HP: 49/249 [Brimstone Fiend/damnation (42)]
 65952 | Pan      | HP: 16/249 [Brimstone Fiend/damnation (46)]
 65953 | Pan      | HP: 3/249 [Brimstone Fiend/damnation (33)]
 65960 | Pan      | HP: 11/249 [Brimstone Fiend/damnation (35)]
 66001 | Pan      | a - the +9 triple sword "Reizoec" (weapon) {vorpal, rPois
                  | Will+ Int+3, longrare=g}
 66032 | Pan      | a - the +9 triple sword "Reizoec" (weapon) {vorpal, rPois
                  | Will+ Int+3, longrare=g}
 66154 | Pan      | a - the +9 triple sword "Reizoec" (weapon) {vorpal, rPois
                  | Will+ Int+3, longrare=g}
 66284 | Pan      | Found an exit through the horrors of the Abyss.
 66286 | Pan      | a - the +9 triple sword "Reizoec" (weapon) {vorpal, rPois
                  | Will+ Int+3, longrare=g}
 66429 | Pan      | Entered the realm of Mnoleg.
 66463 | Pan      | Gained mutation: Your spells are a little easier to cast,
                  | but a little less powerful. [a cacodemon]
 66546 | Pan      | Gained mutation: Your body often deteriorates upon taking
                  | damage. [a neqoxec]
 66547 | Pan      | Reached skill level 25 in Invocations
 66552 | Pan      | Gained mutation: You are frail. (-10% HP) [a neqoxec]
 66555 | Pan      | Gained mutation: You are very dopey. (Int -4) [a neqoxec]
 66564 | Pan      | Gained mutation: You are very weak. (Str -4) [a neqoxec]
 66573 | Pan      | Gained mutation: You are clumsy. (Dex -2) [a neqoxec]
 66660 | Pan      | Noticed Mnoleg
 66680 | Pan      | Gained mutation: You are very frail. (-20% HP) [Mnoleg's
                  | mutagenic touch]
 66684 | Pan      | Killed Mnoleg
 66720 | Pan      | Got a glowing rune of Zot
 66763 | Pan      | Gained mutation: Your spells are easier to cast, but less
                  | powerful. [a neqoxec]
 66773 | Pan      | Entered the realm of Cerebov.
 66778 | Pan      | Lost mutation: You are very weak. (Str -4) [potion of
                  | mutation]
 66778 | Pan      | Lost mutation: You are clumsy. (Dex -2) [potion of
                  | mutation]
 66778 | Pan      | Lost mutation: You possess an exceptional clarity of mind.
                  | [potion of mutation]
 66778 | Pan      | Gained mutation: You are extremely frail. (-30% HP) [potion
                  | of mutation]
 66778 | Pan      | Lost mutation: Your body often deteriorates upon taking
                  | damage. [potion of mutation]
 66778 | Pan      | Gained mutation: You are resistant to electric shocks.
                  | (rElec) [potion of mutation]
 66779 | Pan      | Lost mutation: Your spells are easier to cast, but less
                  | powerful. [potion of mutation]
 66779 | Pan      | Lost mutation: Your spells are a little easier to cast, but
                  | a little less powerful. [potion of mutation]
 66779 | Pan      | Gained mutation: A frigid envelope surrounds you and
                  | freezes all who hurt you. [potion of mutation]
 66780 | Pan      | Lost mutation: Your body sometimes deteriorates upon taking
                  | damage. [potion of mutation]
 66780 | Pan      | Lost mutation: You are extremely frail. (-30% HP) [potion
                  | of mutation]
 66780 | Pan      | Gained mutation: You are agile. (Dex +2) [potion of
                  | mutation]
 66808 | Pan      | You add the spells Sandblast and Summon Ice Beast to your
                  | library.
 66808 | Pan      | Got the Incunabulum of the Dusty Escort
 66810 | Pan      | Got Toup's Collected Works on the Entrancing Blaze
 66846 | Pan      | Identified the +6 rapier of the Enchanted Forest {pain,
                  | rElec Int+3 Stlth+}
 66857 | Pan      | Identified the +1 acid dragon scales of Sif Muna's
                  | Vengeance {rF+ rN+ rCorr}
 66952 | Pan      | Reached skill level 26 in Invocations
 67152 | Pan      | Identified the ring "Qatuz" {Fly rC+ Dex-2 SInv}
 67283 | Pan      | Found the +6 sword of Cerebov {flame}
 67283 | Pan      | Cerebov, Demon Lord of Fire and Steel comes into view. They
                  | are wielding the +6 sword of Cerebov {flame}.
 67283 | Pan      | Noticed Cerebov
 67284 | Pan      | Here: Cerebov, wielding the +6 sword of Cerebov {flame}
 67284 | Pan      | Here: Cerebov, wielding the +6 sword of Cerebov {flame}
 67288 | Pan      | Here: Cerebov, wielding the +6 sword of Cerebov {flame}
 67288 | Pan      | Here: Cerebov, wielding the +6 sword of Cerebov {flame}
 67295 | Pan      | a - the +9 triple sword "Reizoec" (weapon) {vorpal, rPois
                  | Will+ Int+3, longrare=g}
 67302 | Pan      | Aim: Cerebov, wielding the +6 sword of Cerebov {flame}
                  | (lightly wounded, fast)
 67302 | Pan      | Aim: Cerebov, wielding the +6 sword of Cerebov {flame}
                  | (lightly wounded, fast)
 67304 | Pan      | Here: Cerebov, wielding the +6 sword of Cerebov {flame}
                  | (lightly wounded, fast)
 67304 | Pan      | Here: Cerebov, wielding the +6 sword of Cerebov {flame}
                  | (lightly wounded, fast)
 67304 | Pan      | Here: Cerebov, wielding the +6 sword of Cerebov {flame}
                  | (lightly wounded, fast)
 67304 | Pan      | Here: Cerebov, wielding the +6 sword of Cerebov {flame}
                  | (lightly wounded, fast)
 67305 | Pan      | Aim: Cerebov, wielding the +6 sword of Cerebov {flame}
                  | (lightly wounded, fast, 84% to hit)
 67306 | Pan      | Aim: Cerebov, wielding the +6 sword of Cerebov {flame}
                  | (lightly wounded, fast, 84% to hit)
 67306 | Pan      | Aim: Cerebov, wielding the +6 sword of Cerebov {flame}
                  | (lightly wounded, fast, 84% to hit)
 67307 | Pan      | Aim: Cerebov, wielding the +6 sword of Cerebov {flame}
                  | (lightly wounded, fast, 84% to hit)
 67307 | Pan      | Aim: Cerebov, wielding the +6 sword of Cerebov {flame}
                  | (lightly wounded, fast, 84% to hit)
 67308 | Pan      | Here: Cerebov, wielding the +6 sword of Cerebov {flame}
                  | (lightly wounded, fast)
 67308 | Pan      | Here: Cerebov, wielding the +6 sword of Cerebov {flame}
                  | (lightly wounded, fast)
 67312 | Pan      | Aim: Cerebov, wielding the +6 sword of Cerebov {flame}
                  | (purple smoke, lightly wounded, fast, ally target)
 67312 | Pan      | Aim: Cerebov, wielding the +6 sword of Cerebov {flame}
                  | (purple smoke, lightly wounded, fast, ally target)
 67318 | Pan      | Aim: Cerebov, wielding the +6 sword of Cerebov {flame}
                  | (lightly wounded, fast)
 67318 | Pan      | Aim: Cerebov, wielding the +6 sword of Cerebov {flame}
                  | (lightly wounded, fast)
 67319 | Pan      | Here: Cerebov, wielding the +6 sword of Cerebov {flame}
                  | (lightly wounded, summoned, fast, lightly drained,
                  | friendly)
 67319 | Pan      | Aim: Cerebov, wielding the +6 sword of Cerebov {flame}
                  | (moderately wounded, fast, more vulnerable to fire, ally
                  | target, 84% to hit)
 67319 | Pan      | Aim: Cerebov, wielding the +6 sword of Cerebov {flame}
                  | (moderately wounded, fast, more vulnerable to fire, ally
                  | target, 84% to hit)
 67327 | Pan      | HP: 32/199 [Cerebov/great blast of fire (51)]
 67328 | Pan      | Here: Cerebov, wielding the +6 sword of Cerebov {flame}
                  | (flame, heavily wounded, fast, more vulnerable to fire,
                  | ally target)
 67328 | Pan      | Here: Cerebov, wielding the +6 sword of Cerebov {flame}
                  | (flame, heavily wounded, fast, more vulnerable to fire,
                  | ally target)
 67335 | Pan      | HP: 44/199 [Cerebov (18)]
 67336 | Pan      | Here: Cerebov, wielding the +6 sword of Cerebov {flame}
                  | (severely wounded, fast)
 67336 | Pan      | Here: Cerebov, wielding the +6 sword of Cerebov {flame}
                  | (severely wounded, fast)
 67339 | Pan      | Aim: Cerebov, wielding the +6 sword of Cerebov {flame}
                  | (severely wounded, fast, 84% to hit)
 67339 | Pan      | Aim: Cerebov, wielding the +6 sword of Cerebov {flame}
                  | (severely wounded, fast, 84% to hit)
 67345 | Pan      | Here: Cerebov, wielding the +6 sword of Cerebov {flame}
                  | (almost dead, paralysed, ally target)
 67345 | Pan      | Here: Cerebov, wielding the +6 sword of Cerebov {flame}
                  | (almost dead, paralysed, ally target)
 67345 | Pan      | Killed Cerebov
 67513 | Pan      | You pick up a book of the Wilderness and begin reading...
 67517 | Pan      | Identified the +6 hunting sling of the Establishment
                  | {vorpal, Str-3 Dex+7 SInv Stlth-}
 67659 | Pan      | Got a fiery rune of Zot
 67843 | Pan      | Reached skill level 27 in Invocations
 67891 | Pan      | You pick up a book of Burglary and begin reading...
 67893 | Pan      | You pick up a book of Blasting and begin reading...
 67895 | Pan      | You pick up a book of Weapons and begin reading...
 68124 | Pan      | Reached skill level 8 in Throwing
 68481 | Pan      | Found an exit through the horrors of the Abyss.
 68504 | Pan      | Reached skill level 9 in Throwing
 68790 | Pan      | Noticed Ignacio
 68800 | Pan      | Killed Ignacio
 68809 | Pan      | Reached skill level 10 in Throwing
 68811 | Pan      | Gained mutation: Your body sometimes deteriorates upon
                  | taking damage. [a cacodemon]
 68815 | Pan      | Gained mutation: You occasionally shout uncontrollably at
                  | your foes. [a cacodemon]
 68840 | Pan      | i - a +5 executioner's axe of pain {axerare=g}
 69189 | Pan      | a - the +9 triple sword "Reizoec" (weapon) {vorpal, rPois
                  | Will+ Int+3, longrare=g}
 69189 | Pan      | Noticed Iwnuibbapt the pandemonium lord
 69204 | Pan      | Killed Iwnuibbapt the pandemonium lord
 69295 | Pan      | a - the +9 triple sword "Reizoec" (weapon) {vorpal, rPois
                  | Will+ Int+3, longrare=g}
 69367 | Pan      | Reached skill level 18 in Shields
 69394 | Pan      | You pick up a book of Maledictions and begin reading...
 69918 | Pan      | Entered the realm of Lom Lobon.
 69933 | Pan      | Found an exit through the horrors of the Abyss.
 70406 | Pan      | Reached skill level 19 in Shields
 70563 | Pan      | +0 storm dragon scales {rare}; a storm dragon corpse
 70715 | Pan      | Noticed Lom Lobon
 70746 | Pan      | HP: 6/199 [Lom Lobon/great icy blast (54)]
 70746 | Pan      | HP: 1/199 [spore (5)]
 70752 | Pan      | HP: 35/199 [spore (8)]
 70754 | Pan      | HP: 11/199 [spore (11)]
 70757 | Pan      | HP: 5/199 [spore (17)]
 70762 | Pan      | HP: 29/199 [spore (8)]
 70766 | Pan      | HP: 12/199 [Lom Lobon/vortex (17)]
 70768 | Pan      | Killed from afar by Lom Lobon

Vanquished Creatures
  the Royal Jelly (Slime:5)
  Ignacio (Pan)
  Mnoleg (Pan)
  2 dread liches
  An ancient lich (Vaults:4)
  Mennas (Vaults:4)
  3 pandemonium lords (Pan)
  3 juggernauts
  Sojobo (Depths:4)
  the Lernaean hydra (Swamp:4)
  Vashnia (Snake:2)
  Xtahua (Depths:3)
  The ghost of Yhutz the Peltast, a veteran MiFi of Qazlal (Vaults:1)
  The ghost of Majang the Severer, a veteran HuBe of Trog (Depths:2)
  Geryon (Hell)
  7 golden dragons
  Jory (Depths:3)
  A pearl dragon (Depths:1)
  The ghost of Baqim the Severer, an adept MiBe of Trog (Vaults:2)
  2 profane servitors
  4 bone dragons
  A Tzitzimitl (Pan)
  7 Brimstone Fiends (Pan)
  Jorgrun (D:14)
  A Hell Sentinel (Pan)
  An Ice Fiend (Pan)
  2 walking crystal tomes (Depths:3)
  8 tentacled monstrosities
  6 liches
  4 deep elf blademasters (Elf:3)
  Mlioglotl (Snake:2)
  2 deep elf master archers (Elf:3)
  8 titans
  2 walking frostbound tomes (Depths:3)
  28 acid blobs
  Asterion (Snake:2)
  7 Executioners (Pan)
  Murray (Depths:1)
  6 tentacled starspawn
  A thorn hunter (Swamp:3)
  10 sphinxes
  The ghost of Biomocic the Brawler, a journeyman TrBe of Trog (Swamp:2)
  10 tengu reavers
  4 storm dragons
  28 azure jellies
  2 revenants
  Roxanne (Snake:3)
  6 shadow dragons
  6 fire giants
  17 rockslimes
  The ghost of Plog the Eviscerator, an adept FeBe of Trog (Vaults:2)
  6 nagarajas (Snake:4)
  11 deep elf sorcerers
  2 demonspawn warmongers (Pan)
  4 spectral caustic shrikes (Depths:4)
  The ghost of Odudd the Blocker, a journeyman FoFi of Okawaru (Lair:6)
  15 cacodemons
  4 iron dragons
  13 vault wardens
  4 orc warlords
  21 balrugs
  6 deep elf elementalists
  Aizul (Snake:1)
  13 frost giants
  Louise (Depths:1)
  A draconian shifter (Depths:4)
  15 ironbound preservers
  3 demonspawn corrupters (Pan)
  3 draconian annihilators (Pan)
  A juggernaut skeleton (Hell)
  7 spriggan defenders
  14 stone giants
  An apis (Depths:1)
  9 vampire knights
  16 quicksilver oozes
  4 war gargoyles
  13 reapers
  An ophan (Depths:1)
  31 starcursed masses
  6 deep elf demonologists
  Nessos (D:14)
  A putrid mouth (Hell)
  A demonspawn black sun (Pan)
  15 dire elephants
  28 very ugly things
  An eleionoma (shapeshifter) (Depths:3)
  4 eleionomae
  Azrael (Snake:2)
  10 spark wasps
  A white draconian (Depths:4)
  A yellow draconian (Depths:4)
  3 bunyips
  11 deep elf annihilators
  2 entropy weavers (Vaults:1)
  A lorocyproca (Pan)
  2 deep elf death magi (Elf:3)
  2 purple draconians (Depths:4)
  Snorg (Lair:5)
  2 crystal guardians
  An eidolon (Vaults:2)
  10 green deaths (Pan)
  13 ettins
  11 yaktaur captains
  11 fire dragons
  3 jiangshi (Depths:3)
  5 blizzard demons (Pan)
  3 deep elf high priests (Elf:3)
  A shambling mangrove (Swamp:3)
  18 great orbs of eyes
  15 naga warriors
  7 ironbound thunderhulks
  7 ice dragons
  3 hell beasts
  A quicksilver dragon skeleton (Depths:2)
  4 ogre magi
  6 rakshasas
  26 vault guards
  4 peacekeepers
  Harold (D:8)
  24 hydras
  17 anacondas
  10 boulder beetles
  A catoblepas (D:13)
  2 spriggan air magi
  2 ghost crabs
  10 ironbound frosthearts
  24 centaur warriors
  10 deep troll shamans
  10 deep troll earth magi
  10 alligators
  12 two-headed ogres
  3 death knights
  22 dancing weapons
  7 hell hogs
  8 death yaks
  8 tengu warriors
  4 orc high priests
  6 vampire magi
  18 naga sharpshooters
  22 soul eaters
  3 spriggan berserkers
  9 shock serpents
  16 deep elf knights
  14 hell knights
  68 sun demons
  10 wretched stars
  A spatial maelstrom (Abyss:3)
  11 iron trolls
  A spark wasp zombie (Depths:2)
  4 sea snakes (Snake:1)
  A salamander mystic (Snake:2)
  10 sixfirhies
  A shadow wraith (Hell)
  A quicksilver dragon simulacrum (Depths:3)
  9 flayed ghosts
  5 goliath frogs
  4 spriggan druids
  53 deep trolls
  4 shadow demons
  3 bog bodies
  12 lindwurms
  17 swamp dragons
  2 orange crystal statues
  8 glowing orange brains
  2 kraken simulacra (Hell)
  8 naga ritualists
  12 necromancers
  13 wizards
  5 phantasmal warriors (Vaults:5)
  31 deep elf pyromancers
  30 deep elf zephyrmancers
  14 orc knights
  Pikel (D:7)
  13 deep elf archers
  9 mana vipers
  23 ironbound convokers
  10 orc sorcerers
  40 ugly things
  2 wolf spiders (Lair:6)
  A wolf spider (shapeshifter) (Vaults:4)
  A faun (shapeshifter) (D:14)
  An oklob plant (Snake:4)
  An iron dragon zombie (Abyss:3)
  5 shining eyes
  2 will-o-the-wisps
  2 manticores (D:14)
  7 cyclopes
  An iron dragon skeleton (Depths:2)
  6 salamanders
  A moth of wrath (shapeshifter) (Depths:3)
  3 worldbinders
  11 naga magi
  3 rust devils
  10 elephants
  29 smoke demons
  A guardian serpent (shapeshifter) (Vaults:4)
  9 guardian serpents
  An elephant (shapeshifter) (D:15)
  2 ice statues (IceCv)
  Maurice (D:8)
  38 black mambas
  22 vault sentinels
  A gargoyle (D:12)
  A water nymph (shapeshifter) (Vaults:5)
  31 large abominations
  3 eyes of devastation
  4 apocalypse crabs
  7 orange demons (Pan)
  An elf zombie (Vaults:3)
  18 cane toads
  A kobold demonologist (D:7)
  8 efreet
  30 yaktaurs
  A hellion (Pan)
  6 rime drakes
  10 komodo dragons
  2 unseen horrors (Abyss:3)
  5 freezing wraiths
  2 demonic crawlers (Pan)
  2 anaconda simulacra
  13 ice devils
  6 red devils (Pan)
  5 tormentors
  11 hellwings
  5 ancient zymes
  An elf skeleton (Vaults:2)
  7 tengu conjurers
  2 sea snake skeletons (Hell)
  2 polar bears
  A harpy zombie (Hell)
  3 meliai (D:11)
  A jumping spider (shapeshifter) (Depths:3)
  A wind drake (shapeshifter) (D:13)
  2 hydra zombies (Hell)
  17 raiju
  10 trolls
  Prince Ribbit (Lair:3)
  38 blink frogs
  16 hornets
  11 tyrant leeches
  2 hydra skeletons (Hell)
  A harpy skeleton (Hell)
  A blink frog (shapeshifter) (Vaults:4)
  117 slime creatures
  A dream sheep (shapeshifter) (Abyss:3)
  3 shadows
  2 air elementals (Elf:3)
  Sigmund (D:2)
  A spriggan (shapeshifter) (D:14)
  2 flying skulls (Abyss:1)
  A human (shapeshifter) (Depths:3)
  3 wraiths
  An ettin skeleton (Vaults:3)
  4 redbacks
  12 spriggans
  10 wyverns
  46 yaks
  20 ynoxinuls
  6 fire elementals
  An alligator skeleton (Hell)
  4 vampires
  5 water elementals
  8 basilisks
  A death yak simulacrum (IceCv)
  23 chaos spawn
  A steam dragon (shapeshifter) (Elf:3)
  2 steam dragons
  9 vampire mosquitoes
  25 neqoxecs
  A spatial vortex (Abyss:3)
  2 wargs (Orc:1)
  2 harpy simulacra
  5 acid dragons
  48 nagas
  16 swamp worms
  25 water moccasins
  2 floating eyes
  7 hell hounds
  A meliai simulacrum (D:15)
  12 swamp drakes
  45 orc warriors
  A sky beast (D:6)
  4 black bears
  2 hornet zombies (D:5)
  An elf simulacrum (Vaults:2)
  2 alligator simulacra (Hell)
  A necrophage (D:8)
  7 wolves
  5 boggarts
  3 centaurs
  A lemure (D:7)
  8 ogres
  2 kobold brigands
  A phantom (D:4)
  10 small abominations
  A human zombie (Vaults:2)
  6 bullfrogs
  A cane toad simulacrum (IceCv)
  A two-headed ogre simulacrum (IceCv)
  4 earth elementals
  3 scorpions
  A glowing shapeshifter simulacrum (Vaults:3)
  2 water moccasin zombies
  A water moccasin skeleton (D:3)
  An elephant simulacrum (IceCv)
  9 wights
  A howler monkey (D:12)
  6 electric eels
  9 crimson imps
  4 centaur zombies
  A bullfrog zombie (D:5)
  A quasit (Abyss:3)
  5 hounds
  3 jellies
  2 iron imps
  20 orc priests
  Crazy Yiuf (D:2)
  A bullfrog skeleton (D:7)
  3 centaur skeletons
  Ijyb (D:5)
  A gnoll shaman (Orc:1)
  4 iguanas
  14 orc wizards
  12 hell rats
  2 scorpion zombies (D:3)
  A troll simulacrum (IceCv)
  3 polar bear simulacra (IceCv)
  A wolf simulacrum (IceCv)
  2 killer bee zombies
  Robin (D:4)
  A howler monkey skeleton (D:5)
  6 adders
  6 gnolls
  4 naga simulacra (IceCv)
  4 white imps
  7 ufetubi
  An adder skeleton (D:3)
  An adder zombie (D:3)
  3 worms
  6 dart slugs
  72 orcs
  4 ball pythons
  5 bats
  14 endoplasms
  7 giant cockroaches
  9 goblins
  13 hobgoblins
  5 quokkas
  A ball python skeleton (D:3)
  3 frilled lizards
  A giant cockroach zombie (D:3)
  3 goblin skeletons (D:7)
  A goblin zombie (D:7)
  13 kobolds
  2 kobold zombies (D:7)
  2 orc zombies (D:7)
  5 rats
  2 ball lightnings (Pan)
  6 fire vortices
  3 lurking horrors
  3 starspawn tentacles
  A tentacle (Hell)
2699 creatures vanquished.

Vanquished Creatures (collateral kills)
  Cerebov (Pan)
  Mara (Snake:4)
  A cacodemon (Pan)
  2 soul eaters (Pan)
  2 sun demons (Pan)
  A shadow demon (Pan)
  An ironbound convoker (Vaults:5)
  A komodo dragon (Lair:2)
  A blink frog (Lair:2)
  A chaos spawn (Pan)
  A water moccasin (Lair:2)
13 creatures vanquished.

Vanquished Creatures (others)
  A dread lich (Vaults:5)
  An Executioner (Pan)
  A titan (Pan)
  A fire giant (Depths:4)
  A lorocyproca (Pan)
  A deep elf knight (Elf:3)
  2 deep elf zephyrmancers (Elf:3)
  A will-o-the-wisp (Swamp:3)
  A black mamba (Snake:1)
  Psyche (D:8)
  A bloated husk (Swamp:3)
  2 swamp worms (Swamp:3)
  A swamp drake (Swamp:3)
  A sky beast (shapeshifter) (Vaults:5)
  A small abomination (Abyss:3)
  An ufetubus (Abyss:3)
  16 ball lightnings (Pan)
  A fire vortex (Pan)
  12 foxfires
  42 fungi
  112 plants
  5 starspawn tentacles
  7 tentacles (Hell)
213 creatures vanquished.

Grand Total: 2925 creatures vanquished

Table legend:
 A = Non-vault XP
 B = Vault XP
 C = Vault XP percentage of total XP
 D = Non-vault monster count
 E = Vault monster count
 F = Vault count percentage of total count
                 A         B        C        D         E       F
            +---------+---------+-------+---------+---------+-------
      Total |  808558 |  780337 |  49.1 |    1639 |    1010 |  38.1
            +---------+---------+-------+---------+---------+-------
        D:1 |      93 |       0 |   0.0 |      28 |       0 |   0.0
        D:2 |      54 |     259 |  82.7 |      19 |       2 |   9.5
        D:3 |      55 |     151 |  73.3 |      13 |       7 |  35.0
        D:4 |     797 |      35 |   4.2 |      25 |      11 |  30.6
        D:5 |     674 |      36 |   5.1 |      11 |       1 |   8.3
        D:6 |     733 |       0 |   0.0 |      10 |       0 |   0.0
        D:7 |     764 |     625 |  45.0 |      11 |      10 |  47.6
        D:8 |    1053 |    1643 |  60.9 |      17 |       3 |  15.0
        D:9 |    4809 |    1204 |  20.0 |      35 |      19 |  35.2
       D:10 |    4816 |       0 |   0.0 |      14 |       0 |   0.0
       D:11 |    3195 |    1655 |  34.1 |      12 |       8 |  40.0
       D:12 |    6732 |    2068 |  23.5 |      23 |      45 |  66.2
       D:13 |    7243 |   13010 |  64.2 |      15 |      20 |  57.1
       D:14 |    4282 |   28156 |  86.8 |      10 |      40 |  80.0
       D:15 |   15417 |    4517 |  22.7 |      33 |      10 |  23.3
     Temple |       6 |       0 |   0.0 |       2 |       0 |   0.0
     Lair:1 |    3540 |       0 |   0.0 |      10 |       0 |   0.0
     Lair:2 |    4920 |     411 |   7.7 |      20 |       1 |   4.8
     Lair:3 |    3037 |    2218 |  42.2 |       8 |       9 |  52.9
     Lair:4 |   11582 |    2317 |  16.7 |      31 |       3 |   8.8
     Lair:5 |   12372 |    3191 |  20.5 |      41 |       5 |  10.9
     Lair:6 |   10222 |   16038 |  61.1 |      36 |      54 |  60.0
    Swamp:1 |   10076 |     133 |   1.3 |      24 |       1 |   4.0
    Swamp:2 |   12535 |    2211 |  15.0 |      24 |       2 |   7.7
    Swamp:3 |   13841 |    1794 |  11.5 |      24 |       4 |  14.3
    Swamp:4 |    8747 |   16600 |  65.5 |      19 |      23 |  54.8
    Snake:1 |   18411 |    3822 |  17.2 |      37 |      11 |  22.9
    Snake:2 |   14659 |   10381 |  41.5 |      32 |       8 |  20.0
    Snake:3 |   16447 |    1349 |   7.6 |      30 |       1 |   3.2
    Snake:4 |   23312 |   25602 |  52.3 |      40 |      33 |  45.2
    Slime:1 |    8248 |       0 |   0.0 |      16 |       0 |   0.0
    Slime:2 |   20867 |       0 |   0.0 |      33 |       0 |   0.0
    Slime:3 |   13615 |       0 |   0.0 |      27 |       0 |   0.0
    Slime:4 |   16318 |    1776 |   9.8 |      34 |       2 |   5.6
    Slime:5 |    9390 |   21932 |  70.0 |      15 |      14 |  48.3
      Orc:1 |    6518 |    4119 |  38.7 |      43 |       9 |  17.3
      Orc:2 |     635 |    4859 |  88.4 |      11 |      18 |  62.1
      Elf:1 |   10869 |   13181 |  54.8 |      19 |      21 |  52.5
      Elf:2 |   10380 |   21889 |  67.8 |      17 |      29 |  63.0
      Elf:3 |   20594 |   39148 |  65.5 |      38 |      33 |  46.5
   Vaults:1 |   40130 |   29709 |  42.5 |      55 |      29 |  34.5
   Vaults:2 |    9054 |   24269 |  72.8 |      19 |      28 |  59.6
   Vaults:3 |   23329 |   24626 |  51.4 |      36 |      34 |  48.6
   Vaults:4 |   31737 |   77526 |  71.0 |      46 |      76 |  62.3
   Vaults:5 |    8626 |   52864 |  86.0 |      11 |      49 |  81.7
   Depths:1 |   25191 |   14204 |  36.1 |      32 |      15 |  31.9
   Depths:2 |   54800 |   13472 |  19.7 |      68 |      10 |  12.8
   Depths:3 |   37842 |  101752 |  72.9 |      49 |      81 |  62.3
   Depths:4 |   24983 |   20454 |  45.0 |      24 |      15 |  38.5
       Hell |   13326 |   22357 |  62.7 |      24 |      35 |  59.3
    Abyss:1 |   30999 |       0 |   0.0 |      52 |       0 |   0.0
    Abyss:2 |     454 |     554 |  55.0 |       2 |       2 |  50.0
    Abyss:3 |   30404 |    5742 |  15.9 |      90 |       8 |   8.2
        Pan |  145825 |  141957 |  49.3 |     224 |     143 |  39.0
      IceCv |       0 |    4521 | 100.0 |       0 |      28 | 100.0
            +---------+---------+-------+---------+---------+-------

Illustrated notes

Table legend:
 A = Kills in this place as a percentage of kills in entire the game.
 B = Kills by you in this place as a percentage of kills by you in the entire game.
 C = Kills by friends in this place as a percentage of kills by friends in the entire game.
 D = Other kills in this place as a percentage of other kills in the entire game.
 E = Experience gained in this place as a percentage of experience gained in the entire game.
 F = Experience gained in this place divided by the number of levels of this place that you have seen.
                   A       B       C       D       E      F
               +-------+-------+-------+-------+-------+----------------------
         Total | 100.0 | 100.0 | 100.0 | 100.0 | 100.0 | 25220.6
       Dungeon |  17.1 |  17.2 |   0.0 |  10.0 |   6.6 | 6938.4
        Temple |   0.1 |   0.1 |   0.0 |   0.0 |   0.0 |   6.0
          Lair |   8.2 |   8.2 |  23.1 |   0.0 |   4.4 | 11641.3
         Swamp |   4.6 |   4.6 |   0.0 |   0.0 |   4.1 | 16484.2
     Snake Pit |   7.2 |   7.2 |   7.7 |  10.0 |   7.2 | 28495.8
    Slime Pits |   5.3 |   5.4 |   0.0 |   0.0 |   5.8 | 18429.2
  Orcish Mines |   3.1 |   3.1 |   0.0 |   0.0 |   1.0 | 8065.5
   Elven Halls |   5.9 |   5.9 |   0.0 |  30.0 |   7.3 | 38687.0
        Vaults |  14.5 |  14.5 |   7.7 |  10.0 |  20.3 | 64374.0
        Depths |  11.1 |  11.2 |   0.0 |  10.0 |  18.4 | 73174.5
          Hell |   2.2 |   2.2 |   0.0 |   0.0 |   2.2 | 35683.0
         Abyss |   5.8 |   5.9 |   0.0 |   0.0 |   4.3 | 22717.7
   Pandemonium |  13.9 |  13.6 |  61.5 |  30.0 |  18.1 | 35972.8
      Ice Cave |   1.1 |   1.1 |   0.0 |   0.0 |   0.3 | 4521.0
               +-------+-------+-------+-------+-------+----------------------

Table legend: (Time is in decaauts)
 A = Elapsed time spent in this place.
 B = Non-inter-level travel time spent in this place.
 C = Inter-level travel time spent in this place.
 D = Time resting spent in this place.
 E = Time spent auto-exploring this place.
 F = Levels seen in this place.
 G = Mean time per level.
                   A        B        C        D        E       F      G
               +--------+--------+--------+--------+--------+-----+--------+
         Total |  68934 |  62705 |   6229 |   9497 |  29320 |  63 | 1094.2 |
       Dungeon |  17910 |  15452 |   2458 |   1882 |   8727 |  15 | 1194.0 |
        Temple |    436 |    423 |     13 |    281 |    123 |   1 |  436.0 |
          Lair |  10820 |   9962 |    858 |   2600 |   4130 |   6 | 1803.3 |
         Swamp |   3430 |   3224 |    206 |    200 |   1905 |   4 |  857.5 |
     Snake Pit |   4206 |   3818 |    388 |    377 |   1659 |   4 | 1051.5 |
    Slime Pits |   3519 |   3293 |    226 |    775 |   1207 |   5 |  703.8 |
  Orcish Mines |   2226 |   1958 |    268 |    294 |    986 |   2 | 1113.0 |
   Elven Halls |   3726 |   3267 |    459 |    109 |   2157 |   3 | 1242.0 |
        Vaults |   8153 |   7246 |    907 |    760 |   3620 |   5 | 1630.6 |
        Depths |   6448 |   6018 |    430 |   1322 |   2805 |   4 | 1612.0 |
          Hell |    482 |    471 |     11 |      0 |    243 |   1 |  482.0 |
         Abyss |   1197 |   1197 |      0 |    101 |    130 |   3 |  399.0 |
   Pandemonium |   5877 |   5877 |      0 |    752 |   1471 |   8 |  734.6 |
         Trove |    118 |    118 |      0 |      0 |     19 |   1 |  118.0 |
      Ice Cave |    380 |    380 |      0 |     44 |    137 |   1 |  380.0 |
               +--------+--------+--------+--------+--------+-----+--------+

Top non-repeatable levels by time:
Vaults:4: 2344 daAuts
  Lair:4: 2318 daAuts
     D:9: 2169 daAuts
Depths:1: 2062 daAuts
  Lair:6: 2006 daAuts
  Lair:2: 1958 daAuts
Vaults:1: 1803 daAuts
  Lair:3: 1753 daAuts
Depths:3: 1748 daAuts
   Elf:3: 1638 daAuts
Depths:2: 1542 daAuts
     D:2: 1529 daAuts
     D:4: 1524 daAuts
     D:8: 1460 daAuts
 Snake:4: 1432 daAuts
